Workbook

Sheet Read Me First
B5: Thanks for downloading our business case template. The template is intended to help you make profitable technology
B6: investment decisions. We wanted to share a few notes before you begin:
B8: 1) Make a master copy of this file and save it before you begin editing. Make a second copy to edit so you always have a clean copy.
B9: 2) The orange tabs contain a sample with made up data. The intent is to help you understand what to put in the data input page.
B10: 3) Do not edit the "Calcs" tab as you risk corrupting calculations and having wrong info on your summary tab.
B11: 4) Read the instructions on the "Data Input" tab to understand what you should edit and where it goes.
B12: 5) When you are done with the inputs, you should be able to simply print the Summary tab or copy it to a PPT document.
B13: 6) We've locked the "Calcs" tab to prevent accidental corruption - if you need to edit it, the password is UDigData.
B14: 7) Estimating Benefits: Ask the stakeholders how the change will impact their business, how to quantify the impact, and for a confidence level.
D15: Example: This would reduce our marketing costs by up to 5%. Take marketing costs, calculate 5%, put it in annual benefits with a description.
D16: Example: This will increase our conversion rate by 10%, calculate the value of new conversions, apply it to the number gained and add to benefits.
D17: (Note - You will likely find several types of benefits, try to estimate them all. If they are not financial, add as qualitative benefits.)
B18: 8) Definitions of Key Summary Metrics:
D19: Net Present Value: the difference between the present value of cash inflows and the present value of cash outflows over a period of time
D20: ROI: the ratio of net profit over the total cost of the investment
D21: Payback Period: the number of months to achieve a cumulative positive cash flow from the investment
D22: Project Costs: total cost over the life of the project - not discounted using the hurdle rate
D23: Benefits: total benefits over the life of the project - not discounted using the hurdle rate
D24: Net Profit: benefits minus project costs - not discounted using the hurdle rate

Sheet Summary
B4: OBJECTIVE | F4: ANALYSIS
B6: Replace this text with your project objective. I.e. Modernize our data infrastructure to make it easier to use our data. | F6: =SUM('Data Input'!G34,'Data Input'!J49) -> 0 | H6: =SUM('Data Input'!G64,'Data Input'!J79) -> 0 | J6: =H6-F6 -> 0
F7: Project Cost (5 Yrs) | H7: Benefits (5 Yrs) | J7: Net Profit (5 Yrs)
F9: =Calcs!BM55 -> 0 | H9: =IFERROR(Calcs!D60,0) -> 0 | J9: =HLOOKUP(1,Calcs!D6:BK8,3) -> Month 60
F10: Net Present Value | H10: ROI | J10: Payback Period
B12: BENEFITS
B14: ='Data Input'!B83 -> 0 | D14: ='Data Input'!E83 -> 0 | F14: ='Data Input'!H83 -> 0 | H14: ='Data Input'!K83 -> 0 | J14: ='Data Input'!N83 -> 0
B15: ='Data Input'!B84 -> 0 | D15: ='Data Input'!E84 -> 0 | F15: ='Data Input'!H84 -> 0 | H15: ='Data Input'!K84 -> 0 | J15: ='Data Input'!N84 -> 0
B16: ='Data Input'!B85 -> 0 | D16: ='Data Input'!E85 -> 0 | F16: ='Data Input'!H85 -> 0 | H16: ='Data Input'!K85 -> 0 | J16: ='Data Input'!N85 -> 0
B17: ='Data Input'!B86 -> 0 | D17: ='Data Input'!E86 -> 0 | F17: ='Data Input'!H86 -> 0 | H17: ='Data Input'!K86 -> 0 | J17: ='Data Input'!N86 -> 0
B18: ='Data Input'!B87 -> 0 | D18: ='Data Input'!E87 -> 0 | F18: ='Data Input'!H87 -> 0 | H18: ='Data Input'!K87 -> 0 | J18: ='Data Input'!N87 -> 0
B19: ='Data Input'!B88 -> 0 | D19: ='Data Input'!E88 -> 0 | F19: ='Data Input'!H88 -> 0 | H19: ='Data Input'!K88 -> 0 | J19: ='Data Input'!N88 -> 0
B21: FINANCIALS
D23: Total Costs | F23: Total Benefits | H23: Net Benefit (Cost) | J23: Discounted Net Benefit (Cost)
B24: Year 1 | D24: =-SUMIF(Calcs!$D$5:$BK$5,1,Calcs!$D$66:$BK$66) -> 0 | F24: =SUMIF(Calcs!$D$5:$BK$5,1,Calcs!$D$65:$BK$65) -> 0 | H24: =F24-D24 -> 0 | J24: =SUMIF(Calcs!$D$5:$BK$5,1,Calcs!$D$55:$BK$55) -> 0
B25: Year 2 | D25: =-SUMIF(Calcs!$D$5:$BK$5,2,Calcs!$D$66:$BK$66) -> 0 | F25: =SUMIF(Calcs!$D$5:$BK$5,2,Calcs!$D$65:$BK$65) -> 0 | H25: =F25-D25 -> 0 | J25: =SUMIF(Calcs!$D$5:$BK$5,2,Calcs!$D$55:$BK$55) -> 0
B26: Year 3 | D26: =-SUMIF(Calcs!$D$5:$BK$5,3,Calcs!$D$66:$BK$66) -> 0 | F26: =SUMIF(Calcs!$D$5:$BK$5,3,Calcs!$D$65:$BK$65) -> 0 | H26: =F26-D26 -> 0 | J26: =SUMIF(Calcs!$D$5:$BK$5,3,Calcs!$D$55:$BK$55) -> 0
B27: Year 4 | D27: =-SUMIF(Calcs!$D$5:$BK$5,4,Calcs!$D$66:$BK$66) -> 0 | F27: =SUMIF(Calcs!$D$5:$BK$5,4,Calcs!$D$65:$BK$65) -> 0 | H27: =F27-D27 -> 0 | J27: =SUMIF(Calcs!$D$5:$BK$5,4,Calcs!$D$55:$BK$55) -> 0
B28: Year 5 | D28: =-SUMIF(Calcs!$D$5:$BK$5,5,Calcs!$D$66:$BK$66) -> 0 | F28: =SUMIF(Calcs!$D$5:$BK$5,5,Calcs!$D$65:$BK$65) -> 0 | H28: =F28-D28 -> 0 | J28: =SUMIF(Calcs!$D$5:$BK$5,5,Calcs!$D$55:$BK$55) -> 0
B29: Total | D29: =SUM(D24:D28) -> 0 | F29: =SUM(F24:F28) -> 0 | H29: =F29-D29 -> 0 | J29: =SUM(J24:J28) -> 0
B31: COSTS VS. BENEFITS BY YEAR | G31: CUMULATIVE CASH FLOW

Sheet Data Input
D2: INSTRUCTIONS
D3: ∙ Cells in blue font are inputs and can be edited by the user. Cells in black font should not be changed.
D4: ∙ Note all cells in blue fonts do not have to be updated. There may be more rows than you need.
D5: ∙ Under "Assumptions", enter your Internal Hurdle Rate (This is your corporate cost of capital used for discounting cash flows - ask your finance team for guidance. Typically in the 8% - 16% range.).
D6: ∙ Under "Costs (Ongoing Annual)" enter financial costs associated with the project that do not change from year to year.
D7: ∙ Under "Costs (One-Time or Variable)" enter financial costs associated with the project that are only incurred once or that change over time.
D8: Note: Only enter each cost once, either in "Costs (Ongoing Annual)" or "Costs (One-time or Variable)". Do not enter the same cost in both places or it will be counted twice.
D9: ∙ Under "Quantitative Financial Benefits (Ongoing Annual)" enter financial benefits associated with the project that do not change from year to year.
D10: ∙ Under "Quantitative Financial Benefits (One-Time or Variable)" enter financial benefits associated with the project that are only incurred once or that change over time.
D11: Note: Only enter each cost once, either in "Quantitative Financial Benefits (Ongoing Annual)" or "Quantitative Financial Benefits (One-Time or Variable)".
D12: Do not enter the same benefit in both places or it will be counted twice.
D13: ∙ In the Qualitative Benefits section, adjust the categories of benefits and enter the text for each qualitative benefit. These are other benefits beyond the financial ones.
B16: ASSUMPTIONS
G18: Description
B19: Internal Hurdle Rate (i.e., Discount Rate, Cost of Capital) | F19: 0 | G19: [Input description/reseasoning for assumption]
B21: COSTS (ONGOING ANNUAL)
E23: Per Year | F23: # of Years | G23: Total | I23: Description
B24: New Category | E24: 0 | F24: 5 | G24: =E24*F24 -> 0 | I24: [Input description/reasoning for expense]
B25: New Category | E25: 0 | F25: 5 | G25: =E25*F25 -> 0 | I25: [Input description/reasoning for expense]
B26: New Category | E26: 0 | F26: 5 | G26: =E26*F26 -> 0 | I26: [Input description/reasoning for expense]
B27: New Category | E27: 0 | F27: 5 | G27: =E27*F27 -> 0 | I27: [Input description/reasoning for expense]
B28: New Category | E28: 0 | F28: 5 | G28: =E28*F28 -> 0 | I28: [Input description/reasoning for expense]
B29: New Category | E29: 0 | F29: 5 | G29: =E29*F29 -> 0 | I29: [Input description/reasoning for expense]
B30: New Category | E30: 0 | F30: 5 | G30: =E30*F30 -> 0 | I30: [Input description/reasoning for expense]
B31: New Category | E31: 0 | F31: 5 | G31: =E31*F31 -> 0 | I31: [Input description/reasoning for expense]
B32: New Category | E32: 0 | F32: 5 | G32: =E32*F32 -> 0 | I32: [Input description/reasoning for expense]
B33: New Category | E33: 0 | F33: 5 | G33: =E33*F33 -> 0 | I33: [Input description/reasoning for expense]
B34: Total Annual Costs | E34: =SUM(E24:E33) -> 0 | G34: =SUM(G24:G33) -> 0
E35: 1 | F35: =E35+1 -> 2 | G35: =F35+1 -> 3 | H35: =G35+1 -> 4 | I35: =H35+1 -> 5 | J35: =I35+1 -> 6 | K35: =J35+1 -> 7 | L35: =K35+1 -> 8 | M35: =L35+1 -> 9 | ... BL35: =BK35+1 -> 60
B36: COSTS (ONE-TIME OR VARIABLE)
E38: Description | J38: Total | L38: =_xlfn.CONCAT("Month ",E35) -> Month 1 | M38: =_xlfn.CONCAT("Month ",F35) -> Month 2 | N38: =_xlfn.CONCAT("Month ",G35) -> Month 3 | O38: =_xlfn.CONCAT("Month ",H35) -> Month 4 | P38: =_xlfn.CONCAT("Month ",I35) -> Month 5 | Q38: =_xlfn.CONCAT("Month ",J35) -> Month 6 | R38: =_xlfn.CONCAT("Month ",K35) -> Month 7 | S38: =_xlfn.CONCAT("Month ",L35) -> Month 8 | ... BS38: =_xlfn.CONCAT("Month ",BL35) -> Month 60
B39: New Category | E39: [Input description/reasoning for expense] | J39: =SUM(L39:BS39) -> 0 | L39: 0 | M39: 0 | N39: 0 | O39: 0 | P39: 0 | Q39: 0 | R39: 0 | S39: 0 | T39: 0 | U39: 0 | V39: 0 | W39: 0 | X39: 0 | Y39: 0 | Z39: 0 | AA39: 0 | AB39: 0 | AC39: 0 | AD39: 0 | AE39: 0 | AF39: 0 | AG39: 0 | AH39: 0 | AI39: 0 | AJ39: 0 | AK39: 0 | AL39: 0 | AM39: 0 | AN39: 0 | AO39: 0 | AP39: 0 | AQ39: 0 | AR39: 0 | AS39: 0 | AT39: 0 | AU39: 0 | AV39: 0 | AW39: 0 | AX39: 0 | AY39: 0 | AZ39: 0 | BA39: 0 | BB39: 0 | BC39: 0 | BD39: 0 | BE39: 0 | BF39: 0 | BG39: 0 | BH39: 0 | BI39: 0 | BJ39: 0 | BK39: 0 | BL39: 0 | BM39: 0 | BN39: 0 | BO39: 0 | BP39: 0 | BQ39: 0 | BR39: 0 | BS39: 0
B40: New Category | E40: [Input description/reasoning for expense] | J40: =SUM(L40:BS40) -> 0 | L40: 0 | M40: 0 | N40: 0 | O40: 0 | P40: 0 | Q40: 0 | R40: 0 | S40: 0 | T40: 0 | U40: 0 | V40: 0 | W40: 0 | X40: 0 | Y40: 0 | Z40: 0 | AA40: 0 | AB40: 0 | AC40: 0 | AD40: 0 | AE40: 0 | AF40: 0 | AG40: 0 | AH40: 0 | AI40: 0 | AJ40: 0 | AK40: 0 | AL40: 0 | AM40: 0 | AN40: 0 | AO40: 0 | AP40: 0 | AQ40: 0 | AR40: 0 | AS40: 0 | AT40: 0 | AU40: 0 | AV40: 0 | AW40: 0 | AX40: 0 | AY40: 0 | AZ40: 0 | BA40: 0 | BB40: 0 | BC40: 0 | BD40: 0 | BE40: 0 | BF40: 0 | BG40: 0 | BH40: 0 | BI40: 0 | BJ40: 0 | BK40: 0 | BL40: 0 | BM40: 0 | BN40: 0 | BO40: 0 | BP40: 0 | BQ40: 0 | BR40: 0 | BS40: 0
B41: New Category | E41: [Input description/reasoning for expense] | J41: =SUM(L41:BS41) -> 0 | L41: 0 | M41: 0 | N41: 0 | O41: 0 | P41: 0 | Q41: 0 | R41: 0 | S41: 0 | T41: 0 | U41: 0 | V41: 0 | W41: 0 | X41: 0 | Y41: 0 | Z41: 0 | AA41: 0 | AB41: 0 | AC41: 0 | AD41: 0 | AE41: 0 | AF41: 0 | AG41: 0 | AH41: 0 | AI41: 0 | AJ41: 0 | AK41: 0 | AL41: 0 | AM41: 0 | AN41: 0 | AO41: 0 | AP41: 0 | AQ41: 0 | AR41: 0 | AS41: 0 | AT41: 0 | AU41: 0 | AV41: 0 | AW41: 0 | AX41: 0 | AY41: 0 | AZ41: 0 | BA41: 0 | BB41: 0 | BC41: 0 | BD41: 0 | BE41: 0 | BF41: 0 | BG41: 0 | BH41: 0 | BI41: 0 | BJ41: 0 | BK41: 0 | BL41: 0 | BM41: 0 | BN41: 0 | BO41: 0 | BP41: 0 | BQ41: 0 | BR41: 0 | BS41: 0
B42: New Category | E42: [Input description/reasoning for expense] | J42: =SUM(L42:BS42) -> 0 | L42: 0 | M42: 0 | N42: 0 | O42: 0 | P42: 0 | Q42: 0 | R42: 0 | S42: 0 | T42: 0 | U42: 0 | V42: 0 | W42: 0 | X42: 0 | Y42: 0 | Z42: 0 | AA42: 0 | AB42: 0 | AC42: 0 | AD42: 0 | AE42: 0 | AF42: 0 | AG42: 0 | AH42: 0 | AI42: 0 | AJ42: 0 | AK42: 0 | AL42: 0 | AM42: 0 | AN42: 0 | AO42: 0 | AP42: 0 | AQ42: 0 | AR42: 0 | AS42: 0 | AT42: 0 | AU42: 0 | AV42: 0 | AW42: 0 | AX42: 0 | AY42: 0 | AZ42: 0 | BA42: 0 | BB42: 0 | BC42: 0 | BD42: 0 | BE42: 0 | BF42: 0 | BG42: 0 | BH42: 0 | BI42: 0 | BJ42: 0 | BK42: 0 | BL42: 0 | BM42: 0 | BN42: 0 | BO42: 0 | BP42: 0 | BQ42: 0 | BR42: 0 | BS42: 0
B43: New Category | E43: [Input description/reasoning for expense] | J43: =SUM(L43:BS43) -> 0 | L43: 0 | M43: 0 | N43: 0 | O43: 0 | P43: 0 | Q43: 0 | R43: 0 | S43: 0 | T43: 0 | U43: 0 | V43: 0 | W43: 0 | X43: 0 | Y43: 0 | Z43: 0 | AA43: 0 | AB43: 0 | AC43: 0 | AD43: 0 | AE43: 0 | AF43: 0 | AG43: 0 | AH43: 0 | AI43: 0 | AJ43: 0 | AK43: 0 | AL43: 0 | AM43: 0 | AN43: 0 | AO43: 0 | AP43: 0 | AQ43: 0 | AR43: 0 | AS43: 0 | AT43: 0 | AU43: 0 | AV43: 0 | AW43: 0 | AX43: 0 | AY43: 0 | AZ43: 0 | BA43: 0 | BB43: 0 | BC43: 0 | BD43: 0 | BE43: 0 | BF43: 0 | BG43: 0 | BH43: 0 | BI43: 0 | BJ43: 0 | BK43: 0 | BL43: 0 | BM43: 0 | BN43: 0 | BO43: 0 | BP43: 0 | BQ43: 0 | BR43: 0 | BS43: 0
B44: New Category | E44: [Input description/reasoning for expense] | J44: =SUM(L44:BS44) -> 0 | L44: 0 | M44: 0 | N44: 0 | O44: 0 | P44: 0 | Q44: 0 | R44: 0 | S44: 0 | T44: 0 | U44: 0 | V44: 0 | W44: 0 | X44: 0 | Y44: 0 | Z44: 0 | AA44: 0 | AB44: 0 | AC44: 0 | AD44: 0 | AE44: 0 | AF44: 0 | AG44: 0 | AH44: 0 | AI44: 0 | AJ44: 0 | AK44: 0 | AL44: 0 | AM44: 0 | AN44: 0 | AO44: 0 | AP44: 0 | AQ44: 0 | AR44: 0 | AS44: 0 | AT44: 0 | AU44: 0 | AV44: 0 | AW44: 0 | AX44: 0 | AY44: 0 | AZ44: 0 | BA44: 0 | BB44: 0 | BC44: 0 | BD44: 0 | BE44: 0 | BF44: 0 | BG44: 0 | BH44: 0 | BI44: 0 | BJ44: 0 | BK44: 0 | BL44: 0 | BM44: 0 | BN44: 0 | BO44: 0 | BP44: 0 | BQ44: 0 | BR44: 0 | BS44: 0
B45: New Category | E45: [Input description/reasoning for expense] | J45: =SUM(L45:BS45) -> 0 | L45: 0 | M45: 0 | N45: 0 | O45: 0 | P45: 0 | Q45: 0 | R45: 0 | S45: 0 | T45: 0 | U45: 0 | V45: 0 | W45: 0 | X45: 0 | Y45: 0 | Z45: 0 | AA45: 0 | AB45: 0 | AC45: 0 | AD45: 0 | AE45: 0 | AF45: 0 | AG45: 0 | AH45: 0 | AI45: 0 | AJ45: 0 | AK45: 0 | AL45: 0 | AM45: 0 | AN45: 0 | AO45: 0 | AP45: 0 | AQ45: 0 | AR45: 0 | AS45: 0 | AT45: 0 | AU45: 0 | AV45: 0 | AW45: 0 | AX45: 0 | AY45: 0 | AZ45: 0 | BA45: 0 | BB45: 0 | BC45: 0 | BD45: 0 | BE45: 0 | BF45: 0 | BG45: 0 | BH45: 0 | BI45: 0 | BJ45: 0 | BK45: 0 | BL45: 0 | BM45: 0 | BN45: 0 | BO45: 0 | BP45: 0 | BQ45: 0 | BR45: 0 | BS45: 0
B46: New Category | E46: [Input description/reasoning for expense] | J46: =SUM(L46:BS46) -> 0 | L46: 0 | M46: 0 | N46: 0 | O46: 0 | P46: 0 | Q46: 0 | R46: 0 | S46: 0 | T46: 0 | U46: 0 | V46: 0 | W46: 0 | X46: 0 | Y46: 0 | Z46: 0 | AA46: 0 | AB46: 0 | AC46: 0 | AD46: 0 | AE46: 0 | AF46: 0 | AG46: 0 | AH46: 0 | AI46: 0 | AJ46: 0 | AK46: 0 | AL46: 0 | AM46: 0 | AN46: 0 | AO46: 0 | AP46: 0 | AQ46: 0 | AR46: 0 | AS46: 0 | AT46: 0 | AU46: 0 | AV46: 0 | AW46: 0 | AX46: 0 | AY46: 0 | AZ46: 0 | BA46: 0 | BB46: 0 | BC46: 0 | BD46: 0 | BE46: 0 | BF46: 0 | BG46: 0 | BH46: 0 | BI46: 0 | BJ46: 0 | BK46: 0 | BL46: 0 | BM46: 0 | BN46: 0 | BO46: 0 | BP46: 0 | BQ46: 0 | BR46: 0 | BS46: 0
B47: New Category | E47: [Input description/reasoning for expense] | J47: =SUM(L47:BS47) -> 0 | L47: 0 | M47: 0 | N47: 0 | O47: 0 | P47: 0 | Q47: 0 | R47: 0 | S47: 0 | T47: 0 | U47: 0 | V47: 0 | W47: 0 | X47: 0 | Y47: 0 | Z47: 0 | AA47: 0 | AB47: 0 | AC47: 0 | AD47: 0 | AE47: 0 | AF47: 0 | AG47: 0 | AH47: 0 | AI47: 0 | AJ47: 0 | AK47: 0 | AL47: 0 | AM47: 0 | AN47: 0 | AO47: 0 | AP47: 0 | AQ47: 0 | AR47: 0 | AS47: 0 | AT47: 0 | AU47: 0 | AV47: 0 | AW47: 0 | AX47: 0 | AY47: 0 | AZ47: 0 | BA47: 0 | BB47: 0 | BC47: 0 | BD47: 0 | BE47: 0 | BF47: 0 | BG47: 0 | BH47: 0 | BI47: 0 | BJ47: 0 | BK47: 0 | BL47: 0 | BM47: 0 | BN47: 0 | BO47: 0 | BP47: 0 | BQ47: 0 | BR47: 0 | BS47: 0
B48: New Category | E48: [Input description/reasoning for expense] | J48: =SUM(L48:BS48) -> 0 | L48: 0 | M48: 0 | N48: 0 | O48: 0 | P48: 0 | Q48: 0 | R48: 0 | S48: 0 | T48: 0 | U48: 0 | V48: 0 | W48: 0 | X48: 0 | Y48: 0 | Z48: 0 | AA48: 0 | AB48: 0 | AC48: 0 | AD48: 0 | AE48: 0 | AF48: 0 | AG48: 0 | AH48: 0 | AI48: 0 | AJ48: 0 | AK48: 0 | AL48: 0 | AM48: 0 | AN48: 0 | AO48: 0 | AP48: 0 | AQ48: 0 | AR48: 0 | AS48: 0 | AT48: 0 | AU48: 0 | AV48: 0 | AW48: 0 | AX48: 0 | AY48: 0 | AZ48: 0 | BA48: 0 | BB48: 0 | BC48: 0 | BD48: 0 | BE48: 0 | BF48: 0 | BG48: 0 | BH48: 0 | BI48: 0 | BJ48: 0 | BK48: 0 | BL48: 0 | BM48: 0 | BN48: 0 | BO48: 0 | BP48: 0 | BQ48: 0 | BR48: 0 | BS48: 0
B49: Total Monthly Costs | J49: =SUM(J39:J48) -> 0 | L49: =SUM(L39:L48) -> 0 | M49: =SUM(M39:M48) -> 0 | N49: =SUM(N39:N48) -> 0 | O49: =SUM(O39:O48) -> 0 | P49: =SUM(P39:P48) -> 0 | Q49: =SUM(Q39:Q48) -> 0 | R49: =SUM(R39:R48) -> 0 | S49: =SUM(S39:S48) -> 0 | ... BS49: =SUM(BS39:BS48) -> 0
B51: QUANTITATIVE FINANCIAL BENEFITS (ONGOING ANNUAL)
E53: Per Year | F53: # of Years | G53: Total | I53: Description
B54: New Category | E54: 0 | F54: 5 | G54: =E54*F54 -> 0 | I54: [Input description/reasoning for benefit]
B55: New Category | E55: 0 | F55: 5 | G55: =E55*F55 -> 0 | I55: [Input description/reasoning for benefit]
B56: New Category | E56: 0 | F56: 5 | G56: =E56*F56 -> 0 | I56: [Input description/reasoning for benefit]
B57: New Category | E57: 0 | F57: 5 | G57: =E57*F57 -> 0 | I57: [Input description/reasoning for benefit]
B58: New Category | E58: 0 | F58: 5 | G58: =E58*F58 -> 0 | I58: [Input description/reasoning for benefit]
B59: New Category | E59: 0 | F59: 5 | G59: =E59*F59 -> 0 | I59: [Input description/reasoning for benefit]
B60: New Category | E60: 0 | F60: 5 | G60: =E60*F60 -> 0 | I60: [Input description/reasoning for benefit]
B61: New Category | E61: 0 | F61: 5 | G61: =E61*F61 -> 0 | I61: [Input description/reasoning for benefit]
B62: New Category | E62: 0 | F62: 5 | G62: =E62*F62 -> 0 | I62: [Input description/reasoning for benefit]
B63: New Category | E63: 0 | F63: 5 | G63: =E63*F63 -> 0 | I63: [Input description/reasoning for benefit]
B64: Total Annual Benefits | E64: =SUM(E54:E63) -> 0 | G64: =SUM(G54:G63) -> 0
E65: 1 | F65: =E65+1 -> 2 | G65: =F65+1 -> 3 | H65: =G65+1 -> 4 | I65: =H65+1 -> 5 | J65: =I65+1 -> 6 | K65: =J65+1 -> 7 | L65: =K65+1 -> 8 | M65: =L65+1 -> 9 | ... BL65: =BK65+1 -> 60
B66: QUANTITATIVE FINANCIAL BENEFITS (ONE-TIME OR VARIABLE)
E68: Description | J68: Total | L68: =_xlfn.CONCAT("Month ",E65) -> Month 1 | M68: =_xlfn.CONCAT("Month ",F65) -> Month 2 | N68: =_xlfn.CONCAT("Month ",G65) -> Month 3 | O68: =_xlfn.CONCAT("Month ",H65) -> Month 4 | P68: =_xlfn.CONCAT("Month ",I65) -> Month 5 | Q68: =_xlfn.CONCAT("Month ",J65) -> Month 6 | R68: =_xlfn.CONCAT("Month ",K65) -> Month 7 | S68: =_xlfn.CONCAT("Month ",L65) -> Month 8 | ... BS68: =_xlfn.CONCAT("Month ",BL65) -> Month 60
B69: New Category | E69: [Input description/reasoning for benefit] | J69: =SUM(L69:BS69) -> 0 | L69: 0 | M69: 0 | N69: 0 | O69: 0 | P69: 0 | Q69: 0 | R69: 0 | S69: 0 | T69: 0 | U69: 0 | V69: 0 | W69: 0 | X69: 0 | Y69: 0 | Z69: 0 | AA69: 0 | AB69: 0 | AC69: 0 | AD69: 0 | AE69: 0 | AF69: 0 | AG69: 0 | AH69: 0 | AI69: 0 | AJ69: 0 | AK69: 0 | AL69: 0 | AM69: 0 | AN69: 0 | AO69: 0 | AP69: 0 | AQ69: 0 | AR69: 0 | AS69: 0 | AT69: 0 | AU69: 0 | AV69: 0 | AW69: 0 | AX69: 0 | AY69: 0 | AZ69: 0 | BA69: 0 | BB69: 0 | BC69: 0 | BD69: 0 | BE69: 0 | BF69: 0 | BG69: 0 | BH69: 0 | BI69: 0 | BJ69: 0 | BK69: 0 | BL69: 0 | BM69: 0 | BN69: 0 | BO69: 0 | BP69: 0 | BQ69: 0 | BR69: 0 | BS69: 0
B70: New Category | E70: [Input description/reasoning for benefit] | J70: =SUM(L70:BS70) -> 0 | L70: 0 | M70: 0 | N70: 0 | O70: 0 | P70: 0 | Q70: 0 | R70: 0 | S70: 0 | T70: 0 | U70: 0 | V70: 0 | W70: 0 | X70: 0 | Y70: 0 | Z70: 0 | AA70: 0 | AB70: 0 | AC70: 0 | AD70: 0 | AE70: 0 | AF70: 0 | AG70: 0 | AH70: 0 | AI70: 0 | AJ70: 0 | AK70: 0 | AL70: 0 | AM70: 0 | AN70: 0 | AO70: 0 | AP70: 0 | AQ70: 0 | AR70: 0 | AS70: 0 | AT70: 0 | AU70: 0 | AV70: 0 | AW70: 0 | AX70: 0 | AY70: 0 | AZ70: 0 | BA70: 0 | BB70: 0 | BC70: 0 | BD70: 0 | BE70: 0 | BF70: 0 | BG70: 0 | BH70: 0 | BI70: 0 | BJ70: 0 | BK70: 0 | BL70: 0 | BM70: 0 | BN70: 0 | BO70: 0 | BP70: 0 | BQ70: 0 | BR70: 0 | BS70: 0
B71: New Category | E71: [Input description/reasoning for benefit] | J71: =SUM(L71:BS71) -> 0 | L71: 0 | M71: 0 | N71: 0 | O71: 0 | P71: 0 | Q71: 0 | R71: 0 | S71: 0 | T71: 0 | U71: 0 | V71: 0 | W71: 0 | X71: 0 | Y71: 0 | Z71: 0 | AA71: 0 | AB71: 0 | AC71: 0 | AD71: 0 | AE71: 0 | AF71: 0 | AG71: 0 | AH71: 0 | AI71: 0 | AJ71: 0 | AK71: 0 | AL71: 0 | AM71: 0 | AN71: 0 | AO71: 0 | AP71: 0 | AQ71: 0 | AR71: 0 | AS71: 0 | AT71: 0 | AU71: 0 | AV71: 0 | AW71: 0 | AX71: 0 | AY71: 0 | AZ71: 0 | BA71: 0 | BB71: 0 | BC71: 0 | BD71: 0 | BE71: 0 | BF71: 0 | BG71: 0 | BH71: 0 | BI71: 0 | BJ71: 0 | BK71: 0 | BL71: 0 | BM71: 0 | BN71: 0 | BO71: 0 | BP71: 0 | BQ71: 0 | BR71: 0 | BS71: 0
B72: New Category | E72: [Input description/reasoning for benefit] | J72: =SUM(L72:BS72) -> 0 | L72: 0 | M72: 0 | N72: 0 | O72: 0 | P72: 0 | Q72: 0 | R72: 0 | S72: 0 | T72: 0 | U72: 0 | V72: 0 | W72: 0 | X72: 0 | Y72: 0 | Z72: 0 | AA72: 0 | AB72: 0 | AC72: 0 | AD72: 0 | AE72: 0 | AF72: 0 | AG72: 0 | AH72: 0 | AI72: 0 | AJ72: 0 | AK72: 0 | AL72: 0 | AM72: 0 | AN72: 0 | AO72: 0 | AP72: 0 | AQ72: 0 | AR72: 0 | AS72: 0 | AT72: 0 | AU72: 0 | AV72: 0 | AW72: 0 | AX72: 0 | AY72: 0 | AZ72: 0 | BA72: 0 | BB72: 0 | BC72: 0 | BD72: 0 | BE72: 0 | BF72: 0 | BG72: 0 | BH72: 0 | BI72: 0 | BJ72: 0 | BK72: 0 | BL72: 0 | BM72: 0 | BN72: 0 | BO72: 0 | BP72: 0 | BQ72: 0 | BR72: 0 | BS72: 0
B73: New Category | E73: [Input description/reasoning for benefit] | J73: =SUM(L73:BS73) -> 0 | L73: 0 | M73: 0 | N73: 0 | O73: 0 | P73: 0 | Q73: 0 | R73: 0 | S73: 0 | T73: 0 | U73: 0 | V73: 0 | W73: 0 | X73: 0 | Y73: 0 | Z73: 0 | AA73: 0 | AB73: 0 | AC73: 0 | AD73: 0 | AE73: 0 | AF73: 0 | AG73: 0 | AH73: 0 | AI73: 0 | AJ73: 0 | AK73: 0 | AL73: 0 | AM73: 0 | AN73: 0 | AO73: 0 | AP73: 0 | AQ73: 0 | AR73: 0 | AS73: 0 | AT73: 0 | AU73: 0 | AV73: 0 | AW73: 0 | AX73: 0 | AY73: 0 | AZ73: 0 | BA73: 0 | BB73: 0 | BC73: 0 | BD73: 0 | BE73: 0 | BF73: 0 | BG73: 0 | BH73: 0 | BI73: 0 | BJ73: 0 | BK73: 0 | BL73: 0 | BM73: 0 | BN73: 0 | BO73: 0 | BP73: 0 | BQ73: 0 | BR73: 0 | BS73: 0
B74: New Category | E74: [Input description/reasoning for benefit] | J74: =SUM(L74:BS74) -> 0 | L74: 0 | M74: 0 | N74: 0 | O74: 0 | P74: 0 | Q74: 0 | R74: 0 | S74: 0 | T74: 0 | U74: 0 | V74: 0 | W74: 0 | X74: 0 | Y74: 0 | Z74: 0 | AA74: 0 | AB74: 0 | AC74: 0 | AD74: 0 | AE74: 0 | AF74: 0 | AG74: 0 | AH74: 0 | AI74: 0 | AJ74: 0 | AK74: 0 | AL74: 0 | AM74: 0 | AN74: 0 | AO74: 0 | AP74: 0 | AQ74: 0 | AR74: 0 | AS74: 0 | AT74: 0 | AU74: 0 | AV74: 0 | AW74: 0 | AX74: 0 | AY74: 0 | AZ74: 0 | BA74: 0 | BB74: 0 | BC74: 0 | BD74: 0 | BE74: 0 | BF74: 0 | BG74: 0 | BH74: 0 | BI74: 0 | BJ74: 0 | BK74: 0 | BL74: 0 | BM74: 0 | BN74: 0 | BO74: 0 | BP74: 0 | BQ74: 0 | BR74: 0 | BS74: 0
B75: New Category | E75: [Input description/reasoning for benefit] | J75: =SUM(L75:BS75) -> 0 | L75: 0 | M75: 0 | N75: 0 | O75: 0 | P75: 0 | Q75: 0 | R75: 0 | S75: 0 | T75: 0 | U75: 0 | V75: 0 | W75: 0 | X75: 0 | Y75: 0 | Z75: 0 | AA75: 0 | AB75: 0 | AC75: 0 | AD75: 0 | AE75: 0 | AF75: 0 | AG75: 0 | AH75: 0 | AI75: 0 | AJ75: 0 | AK75: 0 | AL75: 0 | AM75: 0 | AN75: 0 | AO75: 0 | AP75: 0 | AQ75: 0 | AR75: 0 | AS75: 0 | AT75: 0 | AU75: 0 | AV75: 0 | AW75: 0 | AX75: 0 | AY75: 0 | AZ75: 0 | BA75: 0 | BB75: 0 | BC75: 0 | BD75: 0 | BE75: 0 | BF75: 0 | BG75: 0 | BH75: 0 | BI75: 0 | BJ75: 0 | BK75: 0 | BL75: 0 | BM75: 0 | BN75: 0 | BO75: 0 | BP75: 0 | BQ75: 0 | BR75: 0 | BS75: 0
B76: New Category | E76: [Input description/reasoning for benefit] | J76: =SUM(L76:BS76) -> 0 | L76: 0 | M76: 0 | N76: 0 | O76: 0 | P76: 0 | Q76: 0 | R76: 0 | S76: 0 | T76: 0 | U76: 0 | V76: 0 | W76: 0 | X76: 0 | Y76: 0 | Z76: 0 | AA76: 0 | AB76: 0 | AC76: 0 | AD76: 0 | AE76: 0 | AF76: 0 | AG76: 0 | AH76: 0 | AI76: 0 | AJ76: 0 | AK76: 0 | AL76: 0 | AM76: 0 | AN76: 0 | AO76: 0 | AP76: 0 | AQ76: 0 | AR76: 0 | AS76: 0 | AT76: 0 | AU76: 0 | AV76: 0 | AW76: 0 | AX76: 0 | AY76: 0 | AZ76: 0 | BA76: 0 | BB76: 0 | BC76: 0 | BD76: 0 | BE76: 0 | BF76: 0 | BG76: 0 | BH76: 0 | BI76: 0 | BJ76: 0 | BK76: 0 | BL76: 0 | BM76: 0 | BN76: 0 | BO76: 0 | BP76: 0 | BQ76: 0 | BR76: 0 | BS76: 0
B77: New Category | E77: [Input description/reasoning for benefit] | J77: =SUM(L77:BS77) -> 0 | L77: 0 | M77: 0 | N77: 0 | O77: 0 | P77: 0 | Q77: 0 | R77: 0 | S77: 0 | T77: 0 | U77: 0 | V77: 0 | W77: 0 | X77: 0 | Y77: 0 | Z77: 0 | AA77: 0 | AB77: 0 | AC77: 0 | AD77: 0 | AE77: 0 | AF77: 0 | AG77: 0 | AH77: 0 | AI77: 0 | AJ77: 0 | AK77: 0 | AL77: 0 | AM77: 0 | AN77: 0 | AO77: 0 | AP77: 0 | AQ77: 0 | AR77: 0 | AS77: 0 | AT77: 0 | AU77: 0 | AV77: 0 | AW77: 0 | AX77: 0 | AY77: 0 | AZ77: 0 | BA77: 0 | BB77: 0 | BC77: 0 | BD77: 0 | BE77: 0 | BF77: 0 | BG77: 0 | BH77: 0 | BI77: 0 | BJ77: 0 | BK77: 0 | BL77: 0 | BM77: 0 | BN77: 0 | BO77: 0 | BP77: 0 | BQ77: 0 | BR77: 0 | BS77: 0
B78: New Category | E78: [Input description/reasoning for benefit] | J78: =SUM(L78:BS78) -> 0 | L78: 0 | M78: 0 | N78: 0 | O78: 0 | P78: 0 | Q78: 0 | R78: 0 | S78: 0 | T78: 0 | U78: 0 | V78: 0 | W78: 0 | X78: 0 | Y78: 0 | Z78: 0 | AA78: 0 | AB78: 0 | AC78: 0 | AD78: 0 | AE78: 0 | AF78: 0 | AG78: 0 | AH78: 0 | AI78: 0 | AJ78: 0 | AK78: 0 | AL78: 0 | AM78: 0 | AN78: 0 | AO78: 0 | AP78: 0 | AQ78: 0 | AR78: 0 | AS78: 0 | AT78: 0 | AU78: 0 | AV78: 0 | AW78: 0 | AX78: 0 | AY78: 0 | AZ78: 0 | BA78: 0 | BB78: 0 | BC78: 0 | BD78: 0 | BE78: 0 | BF78: 0 | BG78: 0 | BH78: 0 | BI78: 0 | BJ78: 0 | BK78: 0 | BL78: 0 | BM78: 0 | BN78: 0 | BO78: 0 | BP78: 0 | BQ78: 0 | BR78: 0 | BS78: 0
B79: Total Monthly Benefits | J79: =SUM(J69:J78) -> 0 | L79: =SUM(L69:L78) -> 0 | M79: =SUM(M69:M78) -> 0 | N79: =SUM(N69:N78) -> 0 | O79: =SUM(O69:O78) -> 0 | P79: =SUM(P69:P78) -> 0 | Q79: =SUM(Q69:Q78) -> 0 | R79: =SUM(R69:R78) -> 0 | S79: =SUM(S69:S78) -> 0 | ... BS79: =SUM(BS69:BS78) -> 0
B81: QUALITATIVE BENEFITS - These are other benefits beyond financial (I.e. customer experience, associate engagement, compliance, etc. Include a header on Row 83 and examples in 84-88 to have them show on the summary tab.

Sheet Calcs
B1: WARNING: DO NOT MAKE CHANGES TO FORMULAS ON THIS TAB - THIS SHEET IS PROTECTED, BUT THE PASSWORD TO EDIT IS ON THE "READ ME FIRST" TAB
B2: Back-Up Calculations
C4: Month | D4: 1 | E4: =D4+1 -> 2 | F4: =E4+1 -> 3 | G4: =F4+1 -> 4 | H4: =G4+1 -> 5 | I4: =H4+1 -> 6 | J4: =I4+1 -> 7 | K4: =J4+1 -> 8 | L4: =K4+1 -> 9 | ... BK4: =BJ4+1 -> 60
C5: Year | D5: 1 | E5: 1 | F5: 1 | G5: 1 | H5: 1 | I5: 1 | J5: 1 | K5: 1 | L5: 1 | M5: 1 | N5: 1 | O5: 1 | P5: 2 | Q5: 2 | R5: 2 | S5: 2 | T5: 2 | U5: 2 | V5: 2 | W5: 2 | X5: 2 | Y5: 2 | Z5: 2 | AA5: 2 | AB5: 3 | AC5: 3 | AD5: 3 | AE5: 3 | AF5: 3 | AG5: 3 | AH5: 3 | AI5: 3 | AJ5: 3 | AK5: 3 | AL5: 3 | AM5: 3 | AN5: 4 | AO5: 4 | AP5: 4 | AQ5: 4 | AR5: 4 | AS5: 4 | AT5: 4 | AU5: 4 | AV5: 4 | AW5: 4 | AX5: 4 | AY5: 4 | AZ5: 5 | BA5: 5 | BB5: 5 | BC5: 5 | BD5: 5 | BE5: 5 | BF5: 5 | BG5: 5 | BH5: 5 | BI5: 5 | BJ5: 5 | BK5: 5
C6: Flag for Payback | D6: =IF(AND(C68<0,D68>0),1,0) -> 0 | E6: =IF(AND(D68<0,E68>0),1,0) -> 0 | F6: =IF(AND(E68<0,F68>0),1,0) -> 0 | G6: =IF(AND(F68<0,G68>0),1,0) -> 0 | H6: =IF(AND(G68<0,H68>0),1,0) -> 0 | I6: =IF(AND(H68<0,I68>0),1,0) -> 0 | J6: =IF(AND(I68<0,J68>0),1,0) -> 0 | K6: =IF(AND(J68<0,K68>0),1,0) -> 0 | ... BK6: =IF(AND(BJ68<0,BK68>0),1,0) -> 0
D8: Month 1 | E8: Month 2 | F8: Month 3 | G8: Month 4 | H8: Month 5 | I8: Month 6 | J8: Month 7 | K8: Month 8 | L8: Month 9 | M8: Month 10 | N8: Month 11 | O8: Month 12 | P8: Month 13 | Q8: Month 14 | R8: Month 15 | S8: Month 16 | T8: Month 17 | U8: Month 18 | V8: Month 19 | W8: Month 20 | X8: Month 21 | Y8: Month 22 | Z8: Month 23 | AA8: Month 24 | AB8: Month 25 | AC8: Month 26 | AD8: Month 27 | AE8: Month 28 | AF8: Month 29 | AG8: Month 30 | AH8: Month 31 | AI8: Month 32 | AJ8: Month 33 | AK8: Month 34 | AL8: Month 35 | AM8: Month 36 | AN8: Month 37 | AO8: Month 38 | AP8: Month 39 | AQ8: Month 40 | AR8: Month 41 | AS8: Month 42 | AT8: Month 43 | AU8: Month 44 | AV8: Month 45 | AW8: Month 46 | AX8: Month 47 | AY8: Month 48 | AZ8: Month 49 | BA8: Month 50 | BB8: Month 51 | BC8: Month 52 | BD8: Month 53 | BE8: Month 54 | BF8: Month 55 | BG8: Month 56 | BH8: Month 57 | BI8: Month 58 | BJ8: Month 59 | BK8: Month 60 | BM8: Total
B9: Annual Benefits
C10: ='Data Input'!B54 -> New Category | D10: =IF(D$5<='Data Input'!$F54,'Data Input'!$E54/12,0) -> 0 | E10: =IF(E$5<='Data Input'!$F54,'Data Input'!$E54/12,0) -> 0 | F10: =IF(F$5<='Data Input'!$F54,'Data Input'!$E54/12,0) -> 0 | G10: =IF(G$5<='Data Input'!$F54,'Data Input'!$E54/12,0) -> 0 | H10: =IF(H$5<='Data Input'!$F54,'Data Input'!$E54/12,0) -> 0 | I10: =IF(I$5<='Data Input'!$F54,'Data Input'!$E54/12,0) -> 0 | J10: =IF(J$5<='Data Input'!$F54,'Data Input'!$E54/12,0) -> 0 | K10: =IF(K$5<='Data Input'!$F54,'Data Input'!$E54/12,0) -> 0 | ... BK10: =IF(BK$5<='Data Input'!$F54,'Data Input'!$E54/12,0) -> 0 | BM10: =SUM(D10:BK10) -> 0
C11: ='Data Input'!B55 -> New Category | D11: =IF(D$5<='Data Input'!$F55,'Data Input'!$E55/12,0) -> 0 | E11: =IF(E$5<='Data Input'!$F55,'Data Input'!$E55/12,0) -> 0 | F11: =IF(F$5<='Data Input'!$F55,'Data Input'!$E55/12,0) -> 0 | G11: =IF(G$5<='Data Input'!$F55,'Data Input'!$E55/12,0) -> 0 | H11: =IF(H$5<='Data Input'!$F55,'Data Input'!$E55/12,0) -> 0 | I11: =IF(I$5<='Data Input'!$F55,'Data Input'!$E55/12,0) -> 0 | J11: =IF(J$5<='Data Input'!$F55,'Data Input'!$E55/12,0) -> 0 | K11: =IF(K$5<='Data Input'!$F55,'Data Input'!$E55/12,0) -> 0 | ... BK11: =IF(BK$5<='Data Input'!$F55,'Data Input'!$E55/12,0) -> 0 | BM11: =SUM(D11:BK11) -> 0
C12: ='Data Input'!B56 -> New Category | D12: =IF(D$5<='Data Input'!$F56,'Data Input'!$E56/12,0) -> 0 | E12: =IF(E$5<='Data Input'!$F56,'Data Input'!$E56/12,0) -> 0 | F12: =IF(F$5<='Data Input'!$F56,'Data Input'!$E56/12,0) -> 0 | G12: =IF(G$5<='Data Input'!$F56,'Data Input'!$E56/12,0) -> 0 | H12: =IF(H$5<='Data Input'!$F56,'Data Input'!$E56/12,0) -> 0 | I12: =IF(I$5<='Data Input'!$F56,'Data Input'!$E56/12,0) -> 0 | J12: =IF(J$5<='Data Input'!$F56,'Data Input'!$E56/12,0) -> 0 | K12: =IF(K$5<='Data Input'!$F56,'Data Input'!$E56/12,0) -> 0 | ... BK12: =IF(BK$5<='Data Input'!$F56,'Data Input'!$E56/12,0) -> 0 | BM12: =SUM(D12:BK12) -> 0
C13: ='Data Input'!B57 -> New Category | D13: =IF(D$5<='Data Input'!$F57,'Data Input'!$E57/12,0) -> 0 | E13: =IF(E$5<='Data Input'!$F57,'Data Input'!$E57/12,0) -> 0 | F13: =IF(F$5<='Data Input'!$F57,'Data Input'!$E57/12,0) -> 0 | G13: =IF(G$5<='Data Input'!$F57,'Data Input'!$E57/12,0) -> 0 | H13: =IF(H$5<='Data Input'!$F57,'Data Input'!$E57/12,0) -> 0 | I13: =IF(I$5<='Data Input'!$F57,'Data Input'!$E57/12,0) -> 0 | J13: =IF(J$5<='Data Input'!$F57,'Data Input'!$E57/12,0) -> 0 | K13: =IF(K$5<='Data Input'!$F57,'Data Input'!$E57/12,0) -> 0 | ... BK13: =IF(BK$5<='Data Input'!$F57,'Data Input'!$E57/12,0) -> 0 | BM13: =SUM(D13:BK13) -> 0
C14: ='Data Input'!B58 -> New Category | D14: =IF(D$5<='Data Input'!$F58,'Data Input'!$E58/12,0) -> 0 | E14: =IF(E$5<='Data Input'!$F58,'Data Input'!$E58/12,0) -> 0 | F14: =IF(F$5<='Data Input'!$F58,'Data Input'!$E58/12,0) -> 0 | G14: =IF(G$5<='Data Input'!$F58,'Data Input'!$E58/12,0) -> 0 | H14: =IF(H$5<='Data Input'!$F58,'Data Input'!$E58/12,0) -> 0 | I14: =IF(I$5<='Data Input'!$F58,'Data Input'!$E58/12,0) -> 0 | J14: =IF(J$5<='Data Input'!$F58,'Data Input'!$E58/12,0) -> 0 | K14: =IF(K$5<='Data Input'!$F58,'Data Input'!$E58/12,0) -> 0 | ... BK14: =IF(BK$5<='Data Input'!$F58,'Data Input'!$E58/12,0) -> 0 | BM14: =SUM(D14:BK14) -> 0
C15: ='Data Input'!B59 -> New Category | D15: =IF(D$5<='Data Input'!$F59,'Data Input'!$E59/12,0) -> 0 | E15: =IF(E$5<='Data Input'!$F59,'Data Input'!$E59/12,0) -> 0 | F15: =IF(F$5<='Data Input'!$F59,'Data Input'!$E59/12,0) -> 0 | G15: =IF(G$5<='Data Input'!$F59,'Data Input'!$E59/12,0) -> 0 | H15: =IF(H$5<='Data Input'!$F59,'Data Input'!$E59/12,0) -> 0 | I15: =IF(I$5<='Data Input'!$F59,'Data Input'!$E59/12,0) -> 0 | J15: =IF(J$5<='Data Input'!$F59,'Data Input'!$E59/12,0) -> 0 | K15: =IF(K$5<='Data Input'!$F59,'Data Input'!$E59/12,0) -> 0 | ... BK15: =IF(BK$5<='Data Input'!$F59,'Data Input'!$E59/12,0) -> 0 | BM15: =SUM(D15:BK15) -> 0
C16: ='Data Input'!B60 -> New Category | D16: =IF(D$5<='Data Input'!$F60,'Data Input'!$E60/12,0) -> 0 | E16: =IF(E$5<='Data Input'!$F60,'Data Input'!$E60/12,0) -> 0 | F16: =IF(F$5<='Data Input'!$F60,'Data Input'!$E60/12,0) -> 0 | G16: =IF(G$5<='Data Input'!$F60,'Data Input'!$E60/12,0) -> 0 | H16: =IF(H$5<='Data Input'!$F60,'Data Input'!$E60/12,0) -> 0 | I16: =IF(I$5<='Data Input'!$F60,'Data Input'!$E60/12,0) -> 0 | J16: =IF(J$5<='Data Input'!$F60,'Data Input'!$E60/12,0) -> 0 | K16: =IF(K$5<='Data Input'!$F60,'Data Input'!$E60/12,0) -> 0 | ... BK16: =IF(BK$5<='Data Input'!$F60,'Data Input'!$E60/12,0) -> 0 | BM16: =SUM(D16:BK16) -> 0
C17: ='Data Input'!B61 -> New Category | D17: =IF(D$5<='Data Input'!$F61,'Data Input'!$E61/12,0) -> 0 | E17: =IF(E$5<='Data Input'!$F61,'Data Input'!$E61/12,0) -> 0 | F17: =IF(F$5<='Data Input'!$F61,'Data Input'!$E61/12,0) -> 0 | G17: =IF(G$5<='Data Input'!$F61,'Data Input'!$E61/12,0) -> 0 | H17: =IF(H$5<='Data Input'!$F61,'Data Input'!$E61/12,0) -> 0 | I17: =IF(I$5<='Data Input'!$F61,'Data Input'!$E61/12,0) -> 0 | J17: =IF(J$5<='Data Input'!$F61,'Data Input'!$E61/12,0) -> 0 | K17: =IF(K$5<='Data Input'!$F61,'Data Input'!$E61/12,0) -> 0 | ... BK17: =IF(BK$5<='Data Input'!$F61,'Data Input'!$E61/12,0) -> 0 | BM17: =SUM(D17:BK17) -> 0
C18: ='Data Input'!B62 -> New Category | D18: =IF(D$5<='Data Input'!$F62,'Data Input'!$E62/12,0) -> 0 | E18: =IF(E$5<='Data Input'!$F62,'Data Input'!$E62/12,0) -> 0 | F18: =IF(F$5<='Data Input'!$F62,'Data Input'!$E62/12,0) -> 0 | G18: =IF(G$5<='Data Input'!$F62,'Data Input'!$E62/12,0) -> 0 | H18: =IF(H$5<='Data Input'!$F62,'Data Input'!$E62/12,0) -> 0 | I18: =IF(I$5<='Data Input'!$F62,'Data Input'!$E62/12,0) -> 0 | J18: =IF(J$5<='Data Input'!$F62,'Data Input'!$E62/12,0) -> 0 | K18: =IF(K$5<='Data Input'!$F62,'Data Input'!$E62/12,0) -> 0 | ... BK18: =IF(BK$5<='Data Input'!$F62,'Data Input'!$E62/12,0) -> 0 | BM18: =SUM(D18:BK18) -> 0
C19: ='Data Input'!B63 -> New Category | D19: =IF(D$5<='Data Input'!$F63,'Data Input'!$E63/12,0) -> 0 | E19: =IF(E$5<='Data Input'!$F63,'Data Input'!$E63/12,0) -> 0 | F19: =IF(F$5<='Data Input'!$F63,'Data Input'!$E63/12,0) -> 0 | G19: =IF(G$5<='Data Input'!$F63,'Data Input'!$E63/12,0) -> 0 | H19: =IF(H$5<='Data Input'!$F63,'Data Input'!$E63/12,0) -> 0 | I19: =IF(I$5<='Data Input'!$F63,'Data Input'!$E63/12,0) -> 0 | J19: =IF(J$5<='Data Input'!$F63,'Data Input'!$E63/12,0) -> 0 | K19: =IF(K$5<='Data Input'!$F63,'Data Input'!$E63/12,0) -> 0 | ... BK19: =IF(BK$5<='Data Input'!$F63,'Data Input'!$E63/12,0) -> 0 | BM19: =SUM(D19:BK19) -> 0
B20: One-Time & Variable Benefits | BM20: =SUM(D20:BK20) -> 0
C21: ='Data Input'!B69 -> New Category | D21: ='Data Input'!L69 -> 0 | E21: ='Data Input'!M69 -> 0 | F21: ='Data Input'!N69 -> 0 | G21: ='Data Input'!O69 -> 0 | H21: ='Data Input'!P69 -> 0 | I21: ='Data Input'!Q69 -> 0 | J21: ='Data Input'!R69 -> 0 | K21: ='Data Input'!S69 -> 0 | ... BK21: ='Data Input'!BS69 -> 0 | BM21: =SUM(D21:BK21) -> 0
C22: ='Data Input'!B70 -> New Category | D22: ='Data Input'!L70 -> 0 | E22: ='Data Input'!M70 -> 0 | F22: ='Data Input'!N70 -> 0 | G22: ='Data Input'!O70 -> 0 | H22: ='Data Input'!P70 -> 0 | I22: ='Data Input'!Q70 -> 0 | J22: ='Data Input'!R70 -> 0 | K22: ='Data Input'!S70 -> 0 | ... BK22: ='Data Input'!BS70 -> 0 | BM22: =SUM(D22:BK22) -> 0
C23: ='Data Input'!B71 -> New Category | D23: ='Data Input'!L71 -> 0 | E23: ='Data Input'!M71 -> 0 | F23: ='Data Input'!N71 -> 0 | G23: ='Data Input'!O71 -> 0 | H23: ='Data Input'!P71 -> 0 | I23: ='Data Input'!Q71 -> 0 | J23: ='Data Input'!R71 -> 0 | K23: ='Data Input'!S71 -> 0 | ... BK23: ='Data Input'!BS71 -> 0 | BM23: =SUM(D23:BK23) -> 0
C24: ='Data Input'!B72 -> New Category | D24: ='Data Input'!L72 -> 0 | E24: ='Data Input'!M72 -> 0 | F24: ='Data Input'!N72 -> 0 | G24: ='Data Input'!O72 -> 0 | H24: ='Data Input'!P72 -> 0 | I24: ='Data Input'!Q72 -> 0 | J24: ='Data Input'!R72 -> 0 | K24: ='Data Input'!S72 -> 0 | ... BK24: ='Data Input'!BS72 -> 0 | BM24: =SUM(D24:BK24) -> 0
C25: ='Data Input'!B73 -> New Category | D25: ='Data Input'!L73 -> 0 | E25: ='Data Input'!M73 -> 0 | F25: ='Data Input'!N73 -> 0 | G25: ='Data Input'!O73 -> 0 | H25: ='Data Input'!P73 -> 0 | I25: ='Data Input'!Q73 -> 0 | J25: ='Data Input'!R73 -> 0 | K25: ='Data Input'!S73 -> 0 | ... BK25: ='Data Input'!BS73 -> 0 | BM25: =SUM(D25:BK25) -> 0
C26: ='Data Input'!B74 -> New Category | D26: ='Data Input'!L74 -> 0 | E26: ='Data Input'!M74 -> 0 | F26: ='Data Input'!N74 -> 0 | G26: ='Data Input'!O74 -> 0 | H26: ='Data Input'!P74 -> 0 | I26: ='Data Input'!Q74 -> 0 | J26: ='Data Input'!R74 -> 0 | K26: ='Data Input'!S74 -> 0 | ... BK26: ='Data Input'!BS74 -> 0 | BM26: =SUM(D26:BK26) -> 0
C27: ='Data Input'!B75 -> New Category | D27: ='Data Input'!L75 -> 0 | E27: ='Data Input'!M75 -> 0 | F27: ='Data Input'!N75 -> 0 | G27: ='Data Input'!O75 -> 0 | H27: ='Data Input'!P75 -> 0 | I27: ='Data Input'!Q75 -> 0 | J27: ='Data Input'!R75 -> 0 | K27: ='Data Input'!S75 -> 0 | ... BK27: ='Data Input'!BS75 -> 0 | BM27: =SUM(D27:BK27) -> 0
C28: ='Data Input'!B76 -> New Category | D28: ='Data Input'!L76 -> 0 | E28: ='Data Input'!M76 -> 0 | F28: ='Data Input'!N76 -> 0 | G28: ='Data Input'!O76 -> 0 | H28: ='Data Input'!P76 -> 0 | I28: ='Data Input'!Q76 -> 0 | J28: ='Data Input'!R76 -> 0 | K28: ='Data Input'!S76 -> 0 | ... BK28: ='Data Input'!BS76 -> 0 | BM28: =SUM(D28:BK28) -> 0
C29: ='Data Input'!B77 -> New Category | D29: ='Data Input'!L77 -> 0 | E29: ='Data Input'!M77 -> 0 | F29: ='Data Input'!N77 -> 0 | G29: ='Data Input'!O77 -> 0 | H29: ='Data Input'!P77 -> 0 | I29: ='Data Input'!Q77 -> 0 | J29: ='Data Input'!R77 -> 0 | K29: ='Data Input'!S77 -> 0 | ... BK29: ='Data Input'!BS77 -> 0 | BM29: =SUM(D29:BK29) -> 0
C30: ='Data Input'!B78 -> New Category | D30: ='Data Input'!L78 -> 0 | E30: ='Data Input'!M78 -> 0 | F30: ='Data Input'!N78 -> 0 | G30: ='Data Input'!O78 -> 0 | H30: ='Data Input'!P78 -> 0 | I30: ='Data Input'!Q78 -> 0 | J30: ='Data Input'!R78 -> 0 | K30: ='Data Input'!S78 -> 0 | ... BK30: ='Data Input'!BS78 -> 0 | BM30: =SUM(D30:BK30) -> 0
B31: Annual Costs | BM31: =SUM(D31:BK31) -> 0
C32: ='Data Input'!B24 -> New Category | D32: =-IF(D$5<='Data Input'!$F24,'Data Input'!$E24/12,0) -> 0 | E32: =-IF(E$5<='Data Input'!$F24,'Data Input'!$E24/12,0) -> 0 | F32: =-IF(F$5<='Data Input'!$F24,'Data Input'!$E24/12,0) -> 0 | G32: =-IF(G$5<='Data Input'!$F24,'Data Input'!$E24/12,0) -> 0 | H32: =-IF(H$5<='Data Input'!$F24,'Data Input'!$E24/12,0) -> 0 | I32: =-IF(I$5<='Data Input'!$F24,'Data Input'!$E24/12,0) -> 0 | J32: =-IF(J$5<='Data Input'!$F24,'Data Input'!$E24/12,0) -> 0 | K32: =-IF(K$5<='Data Input'!$F24,'Data Input'!$E24/12,0) -> 0 | ... BK32: =-IF(BK$5<='Data Input'!$F24,'Data Input'!$E24/12,0) -> 0 | BM32: =SUM(D32:BK32) -> 0
C33: ='Data Input'!B25 -> New Category | D33: =-IF(D$5<='Data Input'!$F25,'Data Input'!$E25/12,0) -> 0 | E33: =-IF(E$5<='Data Input'!$F25,'Data Input'!$E25/12,0) -> 0 | F33: =-IF(F$5<='Data Input'!$F25,'Data Input'!$E25/12,0) -> 0 | G33: =-IF(G$5<='Data Input'!$F25,'Data Input'!$E25/12,0) -> 0 | H33: =-IF(H$5<='Data Input'!$F25,'Data Input'!$E25/12,0) -> 0 | I33: =-IF(I$5<='Data Input'!$F25,'Data Input'!$E25/12,0) -> 0 | J33: =-IF(J$5<='Data Input'!$F25,'Data Input'!$E25/12,0) -> 0 | K33: =-IF(K$5<='Data Input'!$F25,'Data Input'!$E25/12,0) -> 0 | ... BK33: =-IF(BK$5<='Data Input'!$F25,'Data Input'!$E25/12,0) -> 0 | BM33: =SUM(D33:BK33) -> 0
C34: ='Data Input'!B26 -> New Category | D34: =-IF(D$5<='Data Input'!$F26,'Data Input'!$E26/12,0) -> 0 | E34: =-IF(E$5<='Data Input'!$F26,'Data Input'!$E26/12,0) -> 0 | F34: =-IF(F$5<='Data Input'!$F26,'Data Input'!$E26/12,0) -> 0 | G34: =-IF(G$5<='Data Input'!$F26,'Data Input'!$E26/12,0) -> 0 | H34: =-IF(H$5<='Data Input'!$F26,'Data Input'!$E26/12,0) -> 0 | I34: =-IF(I$5<='Data Input'!$F26,'Data Input'!$E26/12,0) -> 0 | J34: =-IF(J$5<='Data Input'!$F26,'Data Input'!$E26/12,0) -> 0 | K34: =-IF(K$5<='Data Input'!$F26,'Data Input'!$E26/12,0) -> 0 | ... BK34: =-IF(BK$5<='Data Input'!$F26,'Data Input'!$E26/12,0) -> 0 | BM34: =SUM(D34:BK34) -> 0
C35: ='Data Input'!B27 -> New Category | D35: =-IF(D$5<='Data Input'!$F27,'Data Input'!$E27/12,0) -> 0 | E35: =-IF(E$5<='Data Input'!$F27,'Data Input'!$E27/12,0) -> 0 | F35: =-IF(F$5<='Data Input'!$F27,'Data Input'!$E27/12,0) -> 0 | G35: =-IF(G$5<='Data Input'!$F27,'Data Input'!$E27/12,0) -> 0 | H35: =-IF(H$5<='Data Input'!$F27,'Data Input'!$E27/12,0) -> 0 | I35: =-IF(I$5<='Data Input'!$F27,'Data Input'!$E27/12,0) -> 0 | J35: =-IF(J$5<='Data Input'!$F27,'Data Input'!$E27/12,0) -> 0 | K35: =-IF(K$5<='Data Input'!$F27,'Data Input'!$E27/12,0) -> 0 | ... BK35: =-IF(BK$5<='Data Input'!$F27,'Data Input'!$E27/12,0) -> 0 | BM35: =SUM(D35:BK35) -> 0
C36: ='Data Input'!B28 -> New Category | D36: =-IF(D$5<='Data Input'!$F28,'Data Input'!$E28/12,0) -> 0 | E36: =-IF(E$5<='Data Input'!$F28,'Data Input'!$E28/12,0) -> 0 | F36: =-IF(F$5<='Data Input'!$F28,'Data Input'!$E28/12,0) -> 0 | G36: =-IF(G$5<='Data Input'!$F28,'Data Input'!$E28/12,0) -> 0 | H36: =-IF(H$5<='Data Input'!$F28,'Data Input'!$E28/12,0) -> 0 | I36: =-IF(I$5<='Data Input'!$F28,'Data Input'!$E28/12,0) -> 0 | J36: =-IF(J$5<='Data Input'!$F28,'Data Input'!$E28/12,0) -> 0 | K36: =-IF(K$5<='Data Input'!$F28,'Data Input'!$E28/12,0) -> 0 | ... BK36: =-IF(BK$5<='Data Input'!$F28,'Data Input'!$E28/12,0) -> 0 | BM36: =SUM(D36:BK36) -> 0
C37: ='Data Input'!B29 -> New Category | D37: =-IF(D$5<='Data Input'!$F29,'Data Input'!$E29/12,0) -> 0 | E37: =-IF(E$5<='Data Input'!$F29,'Data Input'!$E29/12,0) -> 0 | F37: =-IF(F$5<='Data Input'!$F29,'Data Input'!$E29/12,0) -> 0 | G37: =-IF(G$5<='Data Input'!$F29,'Data Input'!$E29/12,0) -> 0 | H37: =-IF(H$5<='Data Input'!$F29,'Data Input'!$E29/12,0) -> 0 | I37: =-IF(I$5<='Data Input'!$F29,'Data Input'!$E29/12,0) -> 0 | J37: =-IF(J$5<='Data Input'!$F29,'Data Input'!$E29/12,0) -> 0 | K37: =-IF(K$5<='Data Input'!$F29,'Data Input'!$E29/12,0) -> 0 | ... BK37: =-IF(BK$5<='Data Input'!$F29,'Data Input'!$E29/12,0) -> 0 | BM37: =SUM(D37:BK37) -> 0
C38: ='Data Input'!B30 -> New Category | D38: =-IF(D$5<='Data Input'!$F30,'Data Input'!$E30/12,0) -> 0 | E38: =-IF(E$5<='Data Input'!$F30,'Data Input'!$E30/12,0) -> 0 | F38: =-IF(F$5<='Data Input'!$F30,'Data Input'!$E30/12,0) -> 0 | G38: =-IF(G$5<='Data Input'!$F30,'Data Input'!$E30/12,0) -> 0 | H38: =-IF(H$5<='Data Input'!$F30,'Data Input'!$E30/12,0) -> 0 | I38: =-IF(I$5<='Data Input'!$F30,'Data Input'!$E30/12,0) -> 0 | J38: =-IF(J$5<='Data Input'!$F30,'Data Input'!$E30/12,0) -> 0 | K38: =-IF(K$5<='Data Input'!$F30,'Data Input'!$E30/12,0) -> 0 | ... BK38: =-IF(BK$5<='Data Input'!$F30,'Data Input'!$E30/12,0) -> 0 | BM38: =SUM(D38:BK38) -> 0
C39: ='Data Input'!B31 -> New Category | D39: =-IF(D$5<='Data Input'!$F31,'Data Input'!$E31/12,0) -> 0 | E39: =-IF(E$5<='Data Input'!$F31,'Data Input'!$E31/12,0) -> 0 | F39: =-IF(F$5<='Data Input'!$F31,'Data Input'!$E31/12,0) -> 0 | G39: =-IF(G$5<='Data Input'!$F31,'Data Input'!$E31/12,0) -> 0 | H39: =-IF(H$5<='Data Input'!$F31,'Data Input'!$E31/12,0) -> 0 | I39: =-IF(I$5<='Data Input'!$F31,'Data Input'!$E31/12,0) -> 0 | J39: =-IF(J$5<='Data Input'!$F31,'Data Input'!$E31/12,0) -> 0 | K39: =-IF(K$5<='Data Input'!$F31,'Data Input'!$E31/12,0) -> 0 | ... BK39: =-IF(BK$5<='Data Input'!$F31,'Data Input'!$E31/12,0) -> 0 | BM39: =SUM(D39:BK39) -> 0
C40: ='Data Input'!B32 -> New Category | D40: =-IF(D$5<='Data Input'!$F32,'Data Input'!$E32/12,0) -> 0 | E40: =-IF(E$5<='Data Input'!$F32,'Data Input'!$E32/12,0) -> 0 | F40: =-IF(F$5<='Data Input'!$F32,'Data Input'!$E32/12,0) -> 0 | G40: =-IF(G$5<='Data Input'!$F32,'Data Input'!$E32/12,0) -> 0 | H40: =-IF(H$5<='Data Input'!$F32,'Data Input'!$E32/12,0) -> 0 | I40: =-IF(I$5<='Data Input'!$F32,'Data Input'!$E32/12,0) -> 0 | J40: =-IF(J$5<='Data Input'!$F32,'Data Input'!$E32/12,0) -> 0 | K40: =-IF(K$5<='Data Input'!$F32,'Data Input'!$E32/12,0) -> 0 | ... BK40: =-IF(BK$5<='Data Input'!$F32,'Data Input'!$E32/12,0) -> 0 | BM40: =SUM(D40:BK40) -> 0
C41: ='Data Input'!B33 -> New Category | D41: =-IF(D$5<='Data Input'!$F33,'Data Input'!$E33/12,0) -> 0 | E41: =-IF(E$5<='Data Input'!$F33,'Data Input'!$E33/12,0) -> 0 | F41: =-IF(F$5<='Data Input'!$F33,'Data Input'!$E33/12,0) -> 0 | G41: =-IF(G$5<='Data Input'!$F33,'Data Input'!$E33/12,0) -> 0 | H41: =-IF(H$5<='Data Input'!$F33,'Data Input'!$E33/12,0) -> 0 | I41: =-IF(I$5<='Data Input'!$F33,'Data Input'!$E33/12,0) -> 0 | J41: =-IF(J$5<='Data Input'!$F33,'Data Input'!$E33/12,0) -> 0 | K41: =-IF(K$5<='Data Input'!$F33,'Data Input'!$E33/12,0) -> 0 | ... BK41: =-IF(BK$5<='Data Input'!$F33,'Data Input'!$E33/12,0) -> 0 | BM41: =SUM(D41:BK41) -> 0
B42: One-Time & Variable Costs | BM42: =SUM(D42:BK42) -> 0
C43: ='Data Input'!B39 -> New Category | D43: =-'Data Input'!L39 -> 0 | E43: =-'Data Input'!M39 -> 0 | F43: =-'Data Input'!N39 -> 0 | G43: =-'Data Input'!O39 -> 0 | H43: =-'Data Input'!P39 -> 0 | I43: =-'Data Input'!Q39 -> 0 | J43: =-'Data Input'!R39 -> 0 | K43: =-'Data Input'!S39 -> 0 | ... BK43: =-'Data Input'!BS39 -> 0 | BM43: =SUM(D43:BK43) -> 0
C44: ='Data Input'!B40 -> New Category | D44: =-'Data Input'!L40 -> 0 | E44: =-'Data Input'!M40 -> 0 | F44: =-'Data Input'!N40 -> 0 | G44: =-'Data Input'!O40 -> 0 | H44: =-'Data Input'!P40 -> 0 | I44: =-'Data Input'!Q40 -> 0 | J44: =-'Data Input'!R40 -> 0 | K44: =-'Data Input'!S40 -> 0 | ... BK44: =-'Data Input'!BS40 -> 0 | BM44: =SUM(D44:BK44) -> 0
C45: ='Data Input'!B41 -> New Category | D45: =-'Data Input'!L41 -> 0 | E45: =-'Data Input'!M41 -> 0 | F45: =-'Data Input'!N41 -> 0 | G45: =-'Data Input'!O41 -> 0 | H45: =-'Data Input'!P41 -> 0 | I45: =-'Data Input'!Q41 -> 0 | J45: =-'Data Input'!R41 -> 0 | K45: =-'Data Input'!S41 -> 0 | ... BK45: =-'Data Input'!BS41 -> 0 | BM45: =SUM(D45:BK45) -> 0
C46: ='Data Input'!B42 -> New Category | D46: =-'Data Input'!L42 -> 0 | E46: =-'Data Input'!M42 -> 0 | F46: =-'Data Input'!N42 -> 0 | G46: =-'Data Input'!O42 -> 0 | H46: =-'Data Input'!P42 -> 0 | I46: =-'Data Input'!Q42 -> 0 | J46: =-'Data Input'!R42 -> 0 | K46: =-'Data Input'!S42 -> 0 | ... BK46: =-'Data Input'!BS42 -> 0 | BM46: =SUM(D46:BK46) -> 0
C47: ='Data Input'!B43 -> New Category | D47: =-'Data Input'!L43 -> 0 | E47: =-'Data Input'!M43 -> 0 | F47: =-'Data Input'!N43 -> 0 | G47: =-'Data Input'!O43 -> 0 | H47: =-'Data Input'!P43 -> 0 | I47: =-'Data Input'!Q43 -> 0 | J47: =-'Data Input'!R43 -> 0 | K47: =-'Data Input'!S43 -> 0 | ... BK47: =-'Data Input'!BS43 -> 0 | BM47: =SUM(D47:BK47) -> 0
C48: ='Data Input'!B44 -> New Category | D48: =-'Data Input'!L44 -> 0 | E48: =-'Data Input'!M44 -> 0 | F48: =-'Data Input'!N44 -> 0 | G48: =-'Data Input'!O44 -> 0 | H48: =-'Data Input'!P44 -> 0 | I48: =-'Data Input'!Q44 -> 0 | J48: =-'Data Input'!R44 -> 0 | K48: =-'Data Input'!S44 -> 0 | ... BK48: =-'Data Input'!BS44 -> 0 | BM48: =SUM(D48:BK48) -> 0
C49: ='Data Input'!B45 -> New Category | D49: =-'Data Input'!L45 -> 0 | E49: =-'Data Input'!M45 -> 0 | F49: =-'Data Input'!N45 -> 0 | G49: =-'Data Input'!O45 -> 0 | H49: =-'Data Input'!P45 -> 0 | I49: =-'Data Input'!Q45 -> 0 | J49: =-'Data Input'!R45 -> 0 | K49: =-'Data Input'!S45 -> 0 | ... BK49: =-'Data Input'!BS45 -> 0 | BM49: =SUM(D49:BK49) -> 0
C50: ='Data Input'!B46 -> New Category | D50: =-'Data Input'!L46 -> 0 | E50: =-'Data Input'!M46 -> 0 | F50: =-'Data Input'!N46 -> 0 | G50: =-'Data Input'!O46 -> 0 | H50: =-'Data Input'!P46 -> 0 | I50: =-'Data Input'!Q46 -> 0 | J50: =-'Data Input'!R46 -> 0 | K50: =-'Data Input'!S46 -> 0 | ... BK50: =-'Data Input'!BS46 -> 0 | BM50: =SUM(D50:BK50) -> 0
C51: ='Data Input'!B47 -> New Category | D51: =-'Data Input'!L47 -> 0 | E51: =-'Data Input'!M47 -> 0 | F51: =-'Data Input'!N47 -> 0 | G51: =-'Data Input'!O47 -> 0 | H51: =-'Data Input'!P47 -> 0 | I51: =-'Data Input'!Q47 -> 0 | J51: =-'Data Input'!R47 -> 0 | K51: =-'Data Input'!S47 -> 0 | ... BK51: =-'Data Input'!BS47 -> 0 | BM51: =SUM(D51:BK51) -> 0
C52: ='Data Input'!B48 -> New Category | D52: =-'Data Input'!L48 -> 0 | E52: =-'Data Input'!M48 -> 0 | F52: =-'Data Input'!N48 -> 0 | G52: =-'Data Input'!O48 -> 0 | H52: =-'Data Input'!P48 -> 0 | I52: =-'Data Input'!Q48 -> 0 | J52: =-'Data Input'!R48 -> 0 | K52: =-'Data Input'!S48 -> 0 | ... BK52: =-'Data Input'!BS48 -> 0 | BM52: =SUM(D52:BK52) -> 0
C54: Net Cash Flow | D54: =SUM(D10:D52) -> 0 | E54: =SUM(E9:E53) -> 0 | F54: =SUM(F9:F53) -> 0 | G54: =SUM(G9:G53) -> 0 | H54: =SUM(H9:H53) -> 0 | I54: =SUM(I9:I53) -> 0 | J54: =SUM(J9:J53) -> 0 | K54: =SUM(K9:K53) -> 0 | L54: =SUM(L9:L53) -> 0 | ... BK54: =SUM(BK9:BK53) -> 0 | BM54: =SUM(D54:BK54) -> 0
C55: Discounted Cash Flow | D55: =D54/((1+$D$58)^D4) -> 0 | E55: =E54/((1+$D$58)^E4) -> 0 | F55: =F54/((1+$D$58)^F4) -> 0 | G55: =G54/((1+$D$58)^G4) -> 0 | H55: =H54/((1+$D$58)^H4) -> 0 | I55: =I54/((1+$D$58)^I4) -> 0 | J55: =J54/((1+$D$58)^J4) -> 0 | K55: =K54/((1+$D$58)^K4) -> 0 | ... BK55: =BK54/((1+$D$58)^BK4) -> 0 | BM55: =SUM(D55:BK55) -> 0
C57: Internal Hurdle Rate (Annual) | D57: ='Data Input'!F19 -> 0
C58: Internal Hurdle Rate (Monthly) | D58: =(1+D57)^(1/12)-1 -> 0
C60: IRR (Annual) | D60: =(1+D61)^12-1 -> 0
C61: IRR (Monthly) | D61: =IFERROR(IRR(D54:BK54),0) -> 0
D64: =D8 -> Month 1 | E64: =E8 -> Month 2 | F64: =F8 -> Month 3 | G64: =G8 -> Month 4 | H64: =H8 -> Month 5 | I64: =I8 -> Month 6 | J64: =J8 -> Month 7 | K64: =K8 -> Month 8 | ... BK64: =BK8 -> Month 60
C65: Total Benefits | D65: =SUM(D10:D30) -> 0 | E65: =SUM(E10:E30) -> 0 | F65: =SUM(F10:F30) -> 0 | G65: =SUM(G10:G30) -> 0 | H65: =SUM(H10:H30) -> 0 | I65: =SUM(I10:I30) -> 0 | J65: =SUM(J10:J30) -> 0 | K65: =SUM(K10:K30) -> 0 | ... BK65: =SUM(BK10:BK30) -> 0
C66: Total Costs | D66: =SUM(D32:D52) -> 0 | E66: =SUM(E32:E52) -> 0 | F66: =SUM(F32:F52) -> 0 | G66: =SUM(G32:G52) -> 0 | H66: =SUM(H32:H52) -> 0 | I66: =SUM(I32:I52) -> 0 | J66: =SUM(J32:J52) -> 0 | K66: =SUM(K32:K52) -> 0 | ... BK66: =SUM(BK32:BK52) -> 0
C68: Cumulative Cash Flow | D68: =D54 -> 0 | E68: =D68+E54 -> 0 | F68: =E68+F54 -> 0 | G68: =F68+G54 -> 0 | H68: =G68+H54 -> 0 | I68: =H68+I54 -> 0 | J68: =I68+J54 -> 0 | K68: =J68+K54 -> 0 | L68: =K68+L54 -> 0 | ... BK68: =BJ68+BK54 -> 0
D70: Year 1 | E70: Year 2 | F70: Year 3 | G70: Year 4 | H70: Year 5
C71: Cumulative Cash Flow | D71: =SUM(D65:O66) -> 0 | E71: =D71+SUM(P65:AA66) -> 0 | F71: =E71+SUM(AB65:AM66) -> 0 | G71: =F71+SUM(AN65:AY66) -> 0 | H71: =G71+SUM(AZ65:BK66) -> 0

Sheet Summary (Example Data)
B4: OBJECTIVE | F4: ANALYSIS
B6: Ensure everyone can do their best | F6: =SUM('Data Input (Example Data)'!G34,'Data Input (Example Data)'!J49) -> 39700000 | H6: =SUM('Data Input (Example Data)'!G64,'Data Input (Example Data)'!J79) -> 45000000 | J6: =H6-F6 -> 5300000
B7: work by making trusted data easy to | F7: Project Cost (5 Yrs) | H7: Benefits (5 Yrs) | J7: Net Profit (5 Yrs)
B8: find and use throughout all areas of
B9: the organization. | F9: ='Calcs (Example Data)'!BM55 -> 2533796.9 | H9: ='Calcs (Example Data)'!D60 -> 0.16058931 | J9: =HLOOKUP(1,'Calcs (Example Data)'!D6:BK8,3) -> Month 45
F10: Net Present Value | H10: ROI | J10: Payback Period
B12: BENEFITS
B14: ='Data Input (Example Data)'!B83 -> Financial | D14: ='Data Input (Example Data)'!E83 -> Operational | F14: ='Data Input (Example Data)'!H83 -> Customer | H14: ='Data Input (Example Data)'!K83 -> Employee | J14: ='Data Input (Example Data)'!N83 -> Risk Management
B15: ='Data Input (Example Data)'!B84 -> New revenue | D15: ='Data Input (Example Data)'!E84 -> Improve efficiency | F15: ='Data Input (Example Data)'!H84 -> Higher satisfaction | H15: ='Data Input (Example Data)'!K84 -> Increased staff retention | J15: ='Data Input (Example Data)'!N84 -> Better data security
B16: ='Data Input (Example Data)'!B85 -> Cost reduction | D16: ='Data Input (Example Data)'!E85 -> Better time to market | F16: ='Data Input (Example Data)'!H85 -> Improved retention | H16: ='Data Input (Example Data)'!K85 -> Improved culture | J16: ='Data Input (Example Data)'!N85 -> Compliance with GDPR
B17: ='Data Input (Example Data)'!B86 -> Better cash management | D17: ='Data Input (Example Data)'!E86 -> Higher product quality | F17: ='Data Input (Example Data)'!H86 -> Increased referrals | H17: ='Data Input (Example Data)'!K86 -> Higher engagement | J17: ='Data Input (Example Data)'!N86 -> Resiliency
B18: ='Data Input (Example Data)'!B87 -> 0 | D18: ='Data Input (Example Data)'!E87 -> 0 | F18: ='Data Input (Example Data)'!H87 -> 0 | H18: ='Data Input (Example Data)'!K87 -> 0 | J18: ='Data Input (Example Data)'!N87 -> 0
B19: ='Data Input (Example Data)'!B88 -> 0 | D19: ='Data Input (Example Data)'!E88 -> 0 | F19: ='Data Input (Example Data)'!H88 -> 0 | H19: ='Data Input (Example Data)'!K88 -> 0 | J19: ='Data Input (Example Data)'!N88 -> 0
B21: FINANCIALS
D23: Total Costs | F23: Total Benefits | H23: Net Benefit (Cost) | J23: Discounted Net Benefit (Cost)
B24: Year 1 | D24: =-SUMIF('Calcs (Example Data)'!$D$5:$BK$5,1,'Calcs (Example Data)'!$D$66:$BK$66) -> 23700000 | F24: =SUMIF('Calcs (Example Data)'!$D$5:$BK$5,1,'Calcs (Example Data)'!$D$65:$BK$65) -> 8000000 | H24: =F24-D24 -> -15700000 | J24: =SUMIF('Calcs (Example Data)'!$D$5:$BK$5,1,'Calcs (Example Data)'!$D$55:$BK$55) -> -15176591
B25: Year 2 | D25: =-SUMIF('Calcs (Example Data)'!$D$5:$BK$5,2,'Calcs (Example Data)'!$D$66:$BK$66) -> 4000000 | F25: =SUMIF('Calcs (Example Data)'!$D$5:$BK$5,2,'Calcs (Example Data)'!$D$65:$BK$65) -> 13000000 | H25: =F25-D25 -> 9000000 | J25: =SUMIF('Calcs (Example Data)'!$D$5:$BK$5,2,'Calcs (Example Data)'!$D$55:$BK$55) -> 8251101.5
B26: Year 3 | D26: =-SUMIF('Calcs (Example Data)'!$D$5:$BK$5,3,'Calcs (Example Data)'!$D$66:$BK$66) -> 4000000 | F26: =SUMIF('Calcs (Example Data)'!$D$5:$BK$5,3,'Calcs (Example Data)'!$D$65:$BK$65) -> 8000000 | H26: =F26-D26 -> 4000000 | J26: =SUMIF('Calcs (Example Data)'!$D$5:$BK$5,3,'Calcs (Example Data)'!$D$55:$BK$55) -> 3368670.1
B27: Year 4 | D27: =-SUMIF('Calcs (Example Data)'!$D$5:$BK$5,4,'Calcs (Example Data)'!$D$66:$BK$66) -> 4000000 | F27: =SUMIF('Calcs (Example Data)'!$D$5:$BK$5,4,'Calcs (Example Data)'!$D$65:$BK$65) -> 8000000 | H27: =F27-D27 -> 4000000 | J27: =SUMIF('Calcs (Example Data)'!$D$5:$BK$5,4,'Calcs (Example Data)'!$D$55:$BK$55) -> 3148289.8
B28: Year 5 | D28: =-SUMIF('Calcs (Example Data)'!$D$5:$BK$5,5,'Calcs (Example Data)'!$D$66:$BK$66) -> 4000000 | F28: =SUMIF('Calcs (Example Data)'!$D$5:$BK$5,5,'Calcs (Example Data)'!$D$65:$BK$65) -> 8000000 | H28: =F28-D28 -> 4000000 | J28: =SUMIF('Calcs (Example Data)'!$D$5:$BK$5,5,'Calcs (Example Data)'!$D$55:$BK$55) -> 2942326.9
B29: Total | D29: =SUM(D24:D28) -> 39700000 | F29: =SUM(F24:F28) -> 45000000 | H29: =F29-D29 -> 5300000 | J29: =SUM(J24:J28) -> 2533796.9
B31: COSTS VS. BENEFITS BY YEAR | G31: CUMULATIVE CASH FLOW

Sheet Data Input (Example Data)
D2: INSTRUCTIONS
D3: ∙ Cells in blue font are inputs and can be edited by the user. Cells in black font should not be changed.
D4: ∙ Note all cells in blue fonts do not have to be updated. There may be more rows than you need.
D5: ∙ Under "Assumptions", enter your Internal Hurdle Rate (This is your corporate cost of capital used for discounting cash flows - ask your finance team for guidance. Typically in the 8% - 16% range.).
D6: ∙ Under "Costs (Ongoing Annual)" enter financial costs associated with the project that do not change from year to year.
D7: ∙ Under "Costs (One-Time or Variable)" enter financial costs associated with the project that are only incurred once or that change over time.
D8: Note: Only enter each cost once, either in "Costs (Ongoing Annual)" or "Costs (One-time or Variable)". Do not enter the same cost in both places or it will be counted twice.
D9: ∙ Under "Quantitative Financial Benefits (Ongoing Annual)" enter financial benefits associated with the project that do not change from year to year.
D10: ∙ Under "Quantitative Financial Benefits (One-Time or Variable)" enter financial benefits associated with the project that are only incurred once or that change over time.
D11: Note: Only enter each cost once, either in "Quantitative Financial Benefits (Ongoing Annual)" or "Quantitative Financial Benefits (One-Time or Variable)".
D12: Do not enter the same benefit in both places or it will be counted twice.
D13: ∙ In the Qualitative Benefits section, adjust the categories of benefits and enter the text for each qualitative benefit. These are other benefits beyond the financial ones.
B16: ASSUMPTIONS
G18: Description
B19: Internal Hurdle Rate (i.e., Discount Rate, Cost of Capital) | F19: 0.07 | G19: [Input description/reseasoning for assumption]
B21: COSTS (ONGOING ANNUAL)
E23: Per Year | F23: # of Years | G23: Total | I23: Description
B24: Software Expenses | E24: 1500000 | F24: 5 | G24: =E24*F24 -> 7500000 | I24: [Input description/reasoning for expense]
B25: Maintenance Expenses | E25: 2500000 | F25: 5 | G25: =E25*F25 -> 12500000 | I25: [Input description/reasoning for expense]
B26: New Category | E26: 0 | F26: 5 | G26: =E26*F26 -> 0 | I26: [Input description/reasoning for expense]
B27: New Category | E27: 0 | F27: 5 | G27: =E27*F27 -> 0 | I27: [Input description/reasoning for expense]
B28: New Category | E28: 0 | F28: 5 | G28: =E28*F28 -> 0 | I28: [Input description/reasoning for expense]
B29: New Category | E29: 0 | F29: 5 | G29: =E29*F29 -> 0 | I29: [Input description/reasoning for expense]
B30: New Category | E30: 0 | F30: 5 | G30: =E30*F30 -> 0 | I30: [Input description/reasoning for expense]
B31: New Category | E31: 0 | F31: 5 | G31: =E31*F31 -> 0 | I31: [Input description/reasoning for expense]
B32: New Category | E32: 0 | F32: 5 | G32: =E32*F32 -> 0 | I32: [Input description/reasoning for expense]
B33: New Category | E33: 0 | F33: 5 | G33: =E33*F33 -> 0 | I33: [Input description/reasoning for expense]
B34: Total Annual Costs | E34: =SUM(E24:E33) -> 4000000 | G34: =SUM(G24:G33) -> 20000000
E35: 1 | F35: =E35+1 -> 2 | G35: =F35+1 -> 3 | H35: =G35+1 -> 4 | I35: =H35+1 -> 5 | J35: =I35+1 -> 6 | K35: =J35+1 -> 7 | L35: =K35+1 -> 8 | M35: =L35+1 -> 9 | ... BL35: =BK35+1 -> 60
B36: COSTS (ONE-TIME OR VARIABLE)
E38: Description | J38: Total | L38: =_xlfn.CONCAT("Month ",E35) -> Month 1 | M38: =_xlfn.CONCAT("Month ",F35) -> Month 2 | N38: =_xlfn.CONCAT("Month ",G35) -> Month 3 | O38: =_xlfn.CONCAT("Month ",H35) -> Month 4 | P38: =_xlfn.CONCAT("Month ",I35) -> Month 5 | Q38: =_xlfn.CONCAT("Month ",J35) -> Month 6 | R38: =_xlfn.CONCAT("Month ",K35) -> Month 7 | S38: =_xlfn.CONCAT("Month ",L35) -> Month 8 | ... BS38: =_xlfn.CONCAT("Month ",BL35) -> Month 60
B39: Hardware Expenses | E39: [Input description/reasoning for expense] | J39: =SUM(L39:BS39) -> 7500000 | L39: 1500000 | M39: 0 | N39: 1000000 | O39: 0 | P39: 1000000 | Q39: 0 | R39: 1500000 | S39: 0 | T39: 2500000 | U39: 0 | V39: 0 | W39: 0 | X39: 0 | Y39: 0 | Z39: 0 | AA39: 0 | AB39: 0 | AC39: 0 | AD39: 0 | AE39: 0 | AF39: 0 | AG39: 0 | AH39: 0 | AI39: 0 | AJ39: 0 | AK39: 0 | AL39: 0 | AM39: 0 | AN39: 0 | AO39: 0 | AP39: 0 | AQ39: 0 | AR39: 0 | AS39: 0 | AT39: 0 | AU39: 0 | AV39: 0 | AW39: 0 | AX39: 0 | AY39: 0 | AZ39: 0 | BA39: 0 | BB39: 0 | BC39: 0 | BD39: 0 | BE39: 0 | BF39: 0 | BG39: 0 | BH39: 0 | BI39: 0 | BJ39: 0 | BK39: 0 | BL39: 0 | BM39: 0 | BN39: 0 | BO39: 0 | BP39: 0 | BQ39: 0 | BR39: 0 | BS39: 0
B40: Contract Labor | E40: [Input description/reasoning for expense] | J40: =SUM(L40:BS40) -> 12000000 | L40: 1000000 | M40: 1000000 | N40: 1000000 | O40: 1000000 | P40: 1000000 | Q40: 1000000 | R40: 1000000 | S40: 1000000 | T40: 1000000 | U40: 1000000 | V40: 1000000 | W40: 1000000 | X40: 0 | Y40: 0 | Z40: 0 | AA40: 0 | AB40: 0 | AC40: 0 | AD40: 0 | AE40: 0 | AF40: 0 | AG40: 0 | AH40: 0 | AI40: 0 | AJ40: 0 | AK40: 0 | AL40: 0 | AM40: 0 | AN40: 0 | AO40: 0 | AP40: 0 | AQ40: 0 | AR40: 0 | AS40: 0 | AT40: 0 | AU40: 0 | AV40: 0 | AW40: 0 | AX40: 0 | AY40: 0 | AZ40: 0 | BA40: 0 | BB40: 0 | BC40: 0 | BD40: 0 | BE40: 0 | BF40: 0 | BG40: 0 | BH40: 0 | BI40: 0 | BJ40: 0 | BK40: 0 | BL40: 0 | BM40: 0 | BN40: 0 | BO40: 0 | BP40: 0 | BQ40: 0 | BR40: 0 | BS40: 0
B41: Set-up Costs | E41: [Input description/reasoning for expense] | J41: =SUM(L41:BS41) -> 200000 | L41: 0 | M41: 200000 | N41: 0 | O41: 0 | P41: 0 | Q41: 0 | R41: 0 | S41: 0 | T41: 0 | U41: 0 | V41: 0 | W41: 0 | X41: 0 | Y41: 0 | Z41: 0 | AA41: 0 | AB41: 0 | AC41: 0 | AD41: 0 | AE41: 0 | AF41: 0 | AG41: 0 | AH41: 0 | AI41: 0 | AJ41: 0 | AK41: 0 | AL41: 0 | AM41: 0 | AN41: 0 | AO41: 0 | AP41: 0 | AQ41: 0 | AR41: 0 | AS41: 0 | AT41: 0 | AU41: 0 | AV41: 0 | AW41: 0 | AX41: 0 | AY41: 0 | AZ41: 0 | BA41: 0 | BB41: 0 | BC41: 0 | BD41: 0 | BE41: 0 | BF41: 0 | BG41: 0 | BH41: 0 | BI41: 0 | BJ41: 0 | BK41: 0 | BL41: 0 | BM41: 0 | BN41: 0 | BO41: 0 | BP41: 0 | BQ41: 0 | BR41: 0 | BS41: 0
B42: New Category | E42: [Input description/reasoning for expense] | J42: =SUM(L42:BS42) -> 0 | L42: 0 | M42: 0 | N42: 0 | O42: 0 | P42: 0 | Q42: 0 | R42: 0 | S42: 0 | T42: 0 | U42: 0 | V42: 0 | W42: 0 | X42: 0 | Y42: 0 | Z42: 0 | AA42: 0 | AB42: 0 | AC42: 0 | AD42: 0 | AE42: 0 | AF42: 0 | AG42: 0 | AH42: 0 | AI42: 0 | AJ42: 0 | AK42: 0 | AL42: 0 | AM42: 0 | AN42: 0 | AO42: 0 | AP42: 0 | AQ42: 0 | AR42: 0 | AS42: 0 | AT42: 0 | AU42: 0 | AV42: 0 | AW42: 0 | AX42: 0 | AY42: 0 | AZ42: 0 | BA42: 0 | BB42: 0 | BC42: 0 | BD42: 0 | BE42: 0 | BF42: 0 | BG42: 0 | BH42: 0 | BI42: 0 | BJ42: 0 | BK42: 0 | BL42: 0 | BM42: 0 | BN42: 0 | BO42: 0 | BP42: 0 | BQ42: 0 | BR42: 0 | BS42: 0
B43: New Category | E43: [Input description/reasoning for expense] | J43: =SUM(L43:BS43) -> 0 | L43: 0 | M43: 0 | N43: 0 | O43: 0 | P43: 0 | Q43: 0 | R43: 0 | S43: 0 | T43: 0 | U43: 0 | V43: 0 | W43: 0 | X43: 0 | Y43: 0 | Z43: 0 | AA43: 0 | AB43: 0 | AC43: 0 | AD43: 0 | AE43: 0 | AF43: 0 | AG43: 0 | AH43: 0 | AI43: 0 | AJ43: 0 | AK43: 0 | AL43: 0 | AM43: 0 | AN43: 0 | AO43: 0 | AP43: 0 | AQ43: 0 | AR43: 0 | AS43: 0 | AT43: 0 | AU43: 0 | AV43: 0 | AW43: 0 | AX43: 0 | AY43: 0 | AZ43: 0 | BA43: 0 | BB43: 0 | BC43: 0 | BD43: 0 | BE43: 0 | BF43: 0 | BG43: 0 | BH43: 0 | BI43: 0 | BJ43: 0 | BK43: 0 | BL43: 0 | BM43: 0 | BN43: 0 | BO43: 0 | BP43: 0 | BQ43: 0 | BR43: 0 | BS43: 0
B44: New Category | E44: [Input description/reasoning for expense] | J44: =SUM(L44:BS44) -> 0 | L44: 0 | M44: 0 | N44: 0 | O44: 0 | P44: 0 | Q44: 0 | R44: 0 | S44: 0 | T44: 0 | U44: 0 | V44: 0 | W44: 0 | X44: 0 | Y44: 0 | Z44: 0 | AA44: 0 | AB44: 0 | AC44: 0 | AD44: 0 | AE44: 0 | AF44: 0 | AG44: 0 | AH44: 0 | AI44: 0 | AJ44: 0 | AK44: 0 | AL44: 0 | AM44: 0 | AN44: 0 | AO44: 0 | AP44: 0 | AQ44: 0 | AR44: 0 | AS44: 0 | AT44: 0 | AU44: 0 | AV44: 0 | AW44: 0 | AX44: 0 | AY44: 0 | AZ44: 0 | BA44: 0 | BB44: 0 | BC44: 0 | BD44: 0 | BE44: 0 | BF44: 0 | BG44: 0 | BH44: 0 | BI44: 0 | BJ44: 0 | BK44: 0 | BL44: 0 | BM44: 0 | BN44: 0 | BO44: 0 | BP44: 0 | BQ44: 0 | BR44: 0 | BS44: 0
B45: New Category | E45: [Input description/reasoning for expense] | J45: =SUM(L45:BS45) -> 0 | L45: 0 | M45: 0 | N45: 0 | O45: 0 | P45: 0 | Q45: 0 | R45: 0 | S45: 0 | T45: 0 | U45: 0 | V45: 0 | W45: 0 | X45: 0 | Y45: 0 | Z45: 0 | AA45: 0 | AB45: 0 | AC45: 0 | AD45: 0 | AE45: 0 | AF45: 0 | AG45: 0 | AH45: 0 | AI45: 0 | AJ45: 0 | AK45: 0 | AL45: 0 | AM45: 0 | AN45: 0 | AO45: 0 | AP45: 0 | AQ45: 0 | AR45: 0 | AS45: 0 | AT45: 0 | AU45: 0 | AV45: 0 | AW45: 0 | AX45: 0 | AY45: 0 | AZ45: 0 | BA45: 0 | BB45: 0 | BC45: 0 | BD45: 0 | BE45: 0 | BF45: 0 | BG45: 0 | BH45: 0 | BI45: 0 | BJ45: 0 | BK45: 0 | BL45: 0 | BM45: 0 | BN45: 0 | BO45: 0 | BP45: 0 | BQ45: 0 | BR45: 0 | BS45: 0
B46: New Category | E46: [Input description/reasoning for expense] | J46: =SUM(L46:BS46) -> 0 | L46: 0 | M46: 0 | N46: 0 | O46: 0 | P46: 0 | Q46: 0 | R46: 0 | S46: 0 | T46: 0 | U46: 0 | V46: 0 | W46: 0 | X46: 0 | Y46: 0 | Z46: 0 | AA46: 0 | AB46: 0 | AC46: 0 | AD46: 0 | AE46: 0 | AF46: 0 | AG46: 0 | AH46: 0 | AI46: 0 | AJ46: 0 | AK46: 0 | AL46: 0 | AM46: 0 | AN46: 0 | AO46: 0 | AP46: 0 | AQ46: 0 | AR46: 0 | AS46: 0 | AT46: 0 | AU46: 0 | AV46: 0 | AW46: 0 | AX46: 0 | AY46: 0 | AZ46: 0 | BA46: 0 | BB46: 0 | BC46: 0 | BD46: 0 | BE46: 0 | BF46: 0 | BG46: 0 | BH46: 0 | BI46: 0 | BJ46: 0 | BK46: 0 | BL46: 0 | BM46: 0 | BN46: 0 | BO46: 0 | BP46: 0 | BQ46: 0 | BR46: 0 | BS46: 0
B47: New Category | E47: [Input description/reasoning for expense] | J47: =SUM(L47:BS47) -> 0 | L47: 0 | M47: 0 | N47: 0 | O47: 0 | P47: 0 | Q47: 0 | R47: 0 | S47: 0 | T47: 0 | U47: 0 | V47: 0 | W47: 0 | X47: 0 | Y47: 0 | Z47: 0 | AA47: 0 | AB47: 0 | AC47: 0 | AD47: 0 | AE47: 0 | AF47: 0 | AG47: 0 | AH47: 0 | AI47: 0 | AJ47: 0 | AK47: 0 | AL47: 0 | AM47: 0 | AN47: 0 | AO47: 0 | AP47: 0 | AQ47: 0 | AR47: 0 | AS47: 0 | AT47: 0 | AU47: 0 | AV47: 0 | AW47: 0 | AX47: 0 | AY47: 0 | AZ47: 0 | BA47: 0 | BB47: 0 | BC47: 0 | BD47: 0 | BE47: 0 | BF47: 0 | BG47: 0 | BH47: 0 | BI47: 0 | BJ47: 0 | BK47: 0 | BL47: 0 | BM47: 0 | BN47: 0 | BO47: 0 | BP47: 0 | BQ47: 0 | BR47: 0 | BS47: 0
B48: New Category | E48: [Input description/reasoning for expense] | J48: =SUM(L48:BS48) -> 0 | L48: 0 | M48: 0 | N48: 0 | O48: 0 | P48: 0 | Q48: 0 | R48: 0 | S48: 0 | T48: 0 | U48: 0 | V48: 0 | W48: 0 | X48: 0 | Y48: 0 | Z48: 0 | AA48: 0 | AB48: 0 | AC48: 0 | AD48: 0 | AE48: 0 | AF48: 0 | AG48: 0 | AH48: 0 | AI48: 0 | AJ48: 0 | AK48: 0 | AL48: 0 | AM48: 0 | AN48: 0 | AO48: 0 | AP48: 0 | AQ48: 0 | AR48: 0 | AS48: 0 | AT48: 0 | AU48: 0 | AV48: 0 | AW48: 0 | AX48: 0 | AY48: 0 | AZ48: 0 | BA48: 0 | BB48: 0 | BC48: 0 | BD48: 0 | BE48: 0 | BF48: 0 | BG48: 0 | BH48: 0 | BI48: 0 | BJ48: 0 | BK48: 0 | BL48: 0 | BM48: 0 | BN48: 0 | BO48: 0 | BP48: 0 | BQ48: 0 | BR48: 0 | BS48: 0
B49: Total Monthly Costs | J49: =SUM(J39:J48) -> 19700000 | L49: =SUM(L39:L48) -> 2500000 | M49: =SUM(M39:M48) -> 1200000 | N49: =SUM(N39:N48) -> 2000000 | O49: =SUM(O39:O48) -> 1000000 | P49: =SUM(P39:P48) -> 2000000 | Q49: =SUM(Q39:Q48) -> 1000000 | R49: =SUM(R39:R48) -> 2500000 | S49: =SUM(S39:S48) -> 1000000 | ... BS49: =SUM(BS39:BS48) -> 0
B51: QUANTITATIVE FINANCIAL BENEFITS (ONGOING ANNUAL)
E53: Per Year | F53: # of Years | G53: Total | I53: Description
B54: Increase in Revenue | E54: 5000000 | F54: 5 | G54: =E54*F54 -> 25000000 | I54: [Input description/reasoning for benefit]
B55: Reduction in Overhead | E55: 3000000 | F55: 5 | G55: =E55*F55 -> 15000000 | I55: [Input description/reasoning for benefit]
B56: New Category | E56: 0 | F56: 5 | G56: =E56*F56 -> 0 | I56: [Input description/reasoning for benefit]
B57: New Category | E57: 0 | F57: 5 | G57: =E57*F57 -> 0 | I57: [Input description/reasoning for benefit]
B58: New Category | E58: 0 | F58: 5 | G58: =E58*F58 -> 0 | I58: [Input description/reasoning for benefit]
B59: New Category | E59: 0 | F59: 5 | G59: =E59*F59 -> 0 | I59: [Input description/reasoning for benefit]
B60: New Category | E60: 0 | F60: 5 | G60: =E60*F60 -> 0 | I60: [Input description/reasoning for benefit]
B61: New Category | E61: 0 | F61: 5 | G61: =E61*F61 -> 0 | I61: [Input description/reasoning for benefit]
B62: New Category | E62: 0 | F62: 5 | G62: =E62*F62 -> 0 | I62: [Input description/reasoning for benefit]
B63: New Category | E63: 0 | F63: 5 | G63: =E63*F63 -> 0 | I63: [Input description/reasoning for benefit]
B64: Total Annual Benefits | E64: =SUM(E54:E63) -> 8000000 | G64: =SUM(G54:G63) -> 40000000
E65: 1 | F65: =E65+1 -> 2 | G65: =F65+1 -> 3 | H65: =G65+1 -> 4 | I65: =H65+1 -> 5 | J65: =I65+1 -> 6 | K65: =J65+1 -> 7 | L65: =K65+1 -> 8 | M65: =L65+1 -> 9 | ... BL65: =BK65+1 -> 60
B66: QUANTITATIVE FINANCIAL BENEFITS (ONE-TIME OR VARIABLE)
E68: Description | J68: Total | L68: =_xlfn.CONCAT("Month ",E65) -> Month 1 | M68: =_xlfn.CONCAT("Month ",F65) -> Month 2 | N68: =_xlfn.CONCAT("Month ",G65) -> Month 3 | O68: =_xlfn.CONCAT("Month ",H65) -> Month 4 | P68: =_xlfn.CONCAT("Month ",I65) -> Month 5 | Q68: =_xlfn.CONCAT("Month ",J65) -> Month 6 | R68: =_xlfn.CONCAT("Month ",K65) -> Month 7 | S68: =_xlfn.CONCAT("Month ",L65) -> Month 8 | ... BS68: =_xlfn.CONCAT("Month ",BL65) -> Month 60
B69: Increase in Revenue | E69: [Input description/reasoning for benefit] | J69: =SUM(L69:BS69) -> 5000000 | L69: 0 | M69: 0 | N69: 0 | O69: 0 | P69: 0 | Q69: 0 | R69: 0 | S69: 0 | T69: 0 | U69: 0 | V69: 0 | W69: 0 | X69: 5000000 | Y69: 0 | Z69: 0 | AA69: 0 | AB69: 0 | AC69: 0 | AD69: 0 | AE69: 0 | AF69: 0 | AG69: 0 | AH69: 0 | AI69: 0 | AJ69: 0 | AK69: 0 | AL69: 0 | AM69: 0 | AN69: 0 | AO69: 0 | AP69: 0 | AQ69: 0 | AR69: 0 | AS69: 0 | AT69: 0 | AU69: 0 | AV69: 0 | AW69: 0 | AX69: 0 | AY69: 0 | AZ69: 0 | BA69: 0 | BB69: 0 | BC69: 0 | BD69: 0 | BE69: 0 | BF69: 0 | BG69: 0 | BH69: 0 | BI69: 0 | BJ69: 0 | BK69: 0 | BL69: 0 | BM69: 0 | BN69: 0 | BO69: 0 | BP69: 0 | BQ69: 0 | BR69: 0 | BS69: 0
B70: New Category | E70: [Input description/reasoning for benefit] | J70: =SUM(L70:BS70) -> 0 | L70: 0 | M70: 0 | N70: 0 | O70: 0 | P70: 0 | Q70: 0 | R70: 0 | S70: 0 | T70: 0 | U70: 0 | V70: 0 | W70: 0 | X70: 0 | Y70: 0 | Z70: 0 | AA70: 0 | AB70: 0 | AC70: 0 | AD70: 0 | AE70: 0 | AF70: 0 | AG70: 0 | AH70: 0 | AI70: 0 | AJ70: 0 | AK70: 0 | AL70: 0 | AM70: 0 | AN70: 0 | AO70: 0 | AP70: 0 | AQ70: 0 | AR70: 0 | AS70: 0 | AT70: 0 | AU70: 0 | AV70: 0 | AW70: 0 | AX70: 0 | AY70: 0 | AZ70: 0 | BA70: 0 | BB70: 0 | BC70: 0 | BD70: 0 | BE70: 0 | BF70: 0 | BG70: 0 | BH70: 0 | BI70: 0 | BJ70: 0 | BK70: 0 | BL70: 0 | BM70: 0 | BN70: 0 | BO70: 0 | BP70: 0 | BQ70: 0 | BR70: 0 | BS70: 0
B71: New Category | E71: [Input description/reasoning for benefit] | J71: =SUM(L71:BS71) -> 0 | L71: 0 | M71: 0 | N71: 0 | O71: 0 | P71: 0 | Q71: 0 | R71: 0 | S71: 0 | T71: 0 | U71: 0 | V71: 0 | W71: 0 | X71: 0 | Y71: 0 | Z71: 0 | AA71: 0 | AB71: 0 | AC71: 0 | AD71: 0 | AE71: 0 | AF71: 0 | AG71: 0 | AH71: 0 | AI71: 0 | AJ71: 0 | AK71: 0 | AL71: 0 | AM71: 0 | AN71: 0 | AO71: 0 | AP71: 0 | AQ71: 0 | AR71: 0 | AS71: 0 | AT71: 0 | AU71: 0 | AV71: 0 | AW71: 0 | AX71: 0 | AY71: 0 | AZ71: 0 | BA71: 0 | BB71: 0 | BC71: 0 | BD71: 0 | BE71: 0 | BF71: 0 | BG71: 0 | BH71: 0 | BI71: 0 | BJ71: 0 | BK71: 0 | BL71: 0 | BM71: 0 | BN71: 0 | BO71: 0 | BP71: 0 | BQ71: 0 | BR71: 0 | BS71: 0
B72: New Category | E72: [Input description/reasoning for benefit] | J72: =SUM(L72:BS72) -> 0 | L72: 0 | M72: 0 | N72: 0 | O72: 0 | P72: 0 | Q72: 0 | R72: 0 | S72: 0 | T72: 0 | U72: 0 | V72: 0 | W72: 0 | X72: 0 | Y72: 0 | Z72: 0 | AA72: 0 | AB72: 0 | AC72: 0 | AD72: 0 | AE72: 0 | AF72: 0 | AG72: 0 | AH72: 0 | AI72: 0 | AJ72: 0 | AK72: 0 | AL72: 0 | AM72: 0 | AN72: 0 | AO72: 0 | AP72: 0 | AQ72: 0 | AR72: 0 | AS72: 0 | AT72: 0 | AU72: 0 | AV72: 0 | AW72: 0 | AX72: 0 | AY72: 0 | AZ72: 0 | BA72: 0 | BB72: 0 | BC72: 0 | BD72: 0 | BE72: 0 | BF72: 0 | BG72: 0 | BH72: 0 | BI72: 0 | BJ72: 0 | BK72: 0 | BL72: 0 | BM72: 0 | BN72: 0 | BO72: 0 | BP72: 0 | BQ72: 0 | BR72: 0 | BS72: 0
B73: New Category | E73: [Input description/reasoning for benefit] | J73: =SUM(L73:BS73) -> 0 | L73: 0 | M73: 0 | N73: 0 | O73: 0 | P73: 0 | Q73: 0 | R73: 0 | S73: 0 | T73: 0 | U73: 0 | V73: 0 | W73: 0 | X73: 0 | Y73: 0 | Z73: 0 | AA73: 0 | AB73: 0 | AC73: 0 | AD73: 0 | AE73: 0 | AF73: 0 | AG73: 0 | AH73: 0 | AI73: 0 | AJ73: 0 | AK73: 0 | AL73: 0 | AM73: 0 | AN73: 0 | AO73: 0 | AP73: 0 | AQ73: 0 | AR73: 0 | AS73: 0 | AT73: 0 | AU73: 0 | AV73: 0 | AW73: 0 | AX73: 0 | AY73: 0 | AZ73: 0 | BA73: 0 | BB73: 0 | BC73: 0 | BD73: 0 | BE73: 0 | BF73: 0 | BG73: 0 | BH73: 0 | BI73: 0 | BJ73: 0 | BK73: 0 | BL73: 0 | BM73: 0 | BN73: 0 | BO73: 0 | BP73: 0 | BQ73: 0 | BR73: 0 | BS73: 0
B74: New Category | E74: [Input description/reasoning for benefit] | J74: =SUM(L74:BS74) -> 0 | L74: 0 | M74: 0 | N74: 0 | O74: 0 | P74: 0 | Q74: 0 | R74: 0 | S74: 0 | T74: 0 | U74: 0 | V74: 0 | W74: 0 | X74: 0 | Y74: 0 | Z74: 0 | AA74: 0 | AB74: 0 | AC74: 0 | AD74: 0 | AE74: 0 | AF74: 0 | AG74: 0 | AH74: 0 | AI74: 0 | AJ74: 0 | AK74: 0 | AL74: 0 | AM74: 0 | AN74: 0 | AO74: 0 | AP74: 0 | AQ74: 0 | AR74: 0 | AS74: 0 | AT74: 0 | AU74: 0 | AV74: 0 | AW74: 0 | AX74: 0 | AY74: 0 | AZ74: 0 | BA74: 0 | BB74: 0 | BC74: 0 | BD74: 0 | BE74: 0 | BF74: 0 | BG74: 0 | BH74: 0 | BI74: 0 | BJ74: 0 | BK74: 0 | BL74: 0 | BM74: 0 | BN74: 0 | BO74: 0 | BP74: 0 | BQ74: 0 | BR74: 0 | BS74: 0
B75: New Category | E75: [Input description/reasoning for benefit] | J75: =SUM(L75:BS75) -> 0 | L75: 0 | M75: 0 | N75: 0 | O75: 0 | P75: 0 | Q75: 0 | R75: 0 | S75: 0 | T75: 0 | U75: 0 | V75: 0 | W75: 0 | X75: 0 | Y75: 0 | Z75: 0 | AA75: 0 | AB75: 0 | AC75: 0 | AD75: 0 | AE75: 0 | AF75: 0 | AG75: 0 | AH75: 0 | AI75: 0 | AJ75: 0 | AK75: 0 | AL75: 0 | AM75: 0 | AN75: 0 | AO75: 0 | AP75: 0 | AQ75: 0 | AR75: 0 | AS75: 0 | AT75: 0 | AU75: 0 | AV75: 0 | AW75: 0 | AX75: 0 | AY75: 0 | AZ75: 0 | BA75: 0 | BB75: 0 | BC75: 0 | BD75: 0 | BE75: 0 | BF75: 0 | BG75: 0 | BH75: 0 | BI75: 0 | BJ75: 0 | BK75: 0 | BL75: 0 | BM75: 0 | BN75: 0 | BO75: 0 | BP75: 0 | BQ75: 0 | BR75: 0 | BS75: 0
B76: New Category | E76: [Input description/reasoning for benefit] | J76: =SUM(L76:BS76) -> 0 | L76: 0 | M76: 0 | N76: 0 | O76: 0 | P76: 0 | Q76: 0 | R76: 0 | S76: 0 | T76: 0 | U76: 0 | V76: 0 | W76: 0 | X76: 0 | Y76: 0 | Z76: 0 | AA76: 0 | AB76: 0 | AC76: 0 | AD76: 0 | AE76: 0 | AF76: 0 | AG76: 0 | AH76: 0 | AI76: 0 | AJ76: 0 | AK76: 0 | AL76: 0 | AM76: 0 | AN76: 0 | AO76: 0 | AP76: 0 | AQ76: 0 | AR76: 0 | AS76: 0 | AT76: 0 | AU76: 0 | AV76: 0 | AW76: 0 | AX76: 0 | AY76: 0 | AZ76: 0 | BA76: 0 | BB76: 0 | BC76: 0 | BD76: 0 | BE76: 0 | BF76: 0 | BG76: 0 | BH76: 0 | BI76: 0 | BJ76: 0 | BK76: 0 | BL76: 0 | BM76: 0 | BN76: 0 | BO76: 0 | BP76: 0 | BQ76: 0 | BR76: 0 | BS76: 0
B77: New Category | E77: [Input description/reasoning for benefit] | J77: =SUM(L77:BS77) -> 0 | L77: 0 | M77: 0 | N77: 0 | O77: 0 | P77: 0 | Q77: 0 | R77: 0 | S77: 0 | T77: 0 | U77: 0 | V77: 0 | W77: 0 | X77: 0 | Y77: 0 | Z77: 0 | AA77: 0 | AB77: 0 | AC77: 0 | AD77: 0 | AE77: 0 | AF77: 0 | AG77: 0 | AH77: 0 | AI77: 0 | AJ77: 0 | AK77: 0 | AL77: 0 | AM77: 0 | AN77: 0 | AO77: 0 | AP77: 0 | AQ77: 0 | AR77: 0 | AS77: 0 | AT77: 0 | AU77: 0 | AV77: 0 | AW77: 0 | AX77: 0 | AY77: 0 | AZ77: 0 | BA77: 0 | BB77: 0 | BC77: 0 | BD77: 0 | BE77: 0 | BF77: 0 | BG77: 0 | BH77: 0 | BI77: 0 | BJ77: 0 | BK77: 0 | BL77: 0 | BM77: 0 | BN77: 0 | BO77: 0 | BP77: 0 | BQ77: 0 | BR77: 0 | BS77: 0
B78: New Category | E78: [Input description/reasoning for benefit] | J78: =SUM(L78:BS78) -> 0 | L78: 0 | M78: 0 | N78: 0 | O78: 0 | P78: 0 | Q78: 0 | R78: 0 | S78: 0 | T78: 0 | U78: 0 | V78: 0 | W78: 0 | X78: 0 | Y78: 0 | Z78: 0 | AA78: 0 | AB78: 0 | AC78: 0 | AD78: 0 | AE78: 0 | AF78: 0 | AG78: 0 | AH78: 0 | AI78: 0 | AJ78: 0 | AK78: 0 | AL78: 0 | AM78: 0 | AN78: 0 | AO78: 0 | AP78: 0 | AQ78: 0 | AR78: 0 | AS78: 0 | AT78: 0 | AU78: 0 | AV78: 0 | AW78: 0 | AX78: 0 | AY78: 0 | AZ78: 0 | BA78: 0 | BB78: 0 | BC78: 0 | BD78: 0 | BE78: 0 | BF78: 0 | BG78: 0 | BH78: 0 | BI78: 0 | BJ78: 0 | BK78: 0 | BL78: 0 | BM78: 0 | BN78: 0 | BO78: 0 | BP78: 0 | BQ78: 0 | BR78: 0 | BS78: 0
B79: Total Monthly Benefits | J79: =SUM(J69:J78) -> 5000000 | L79: =SUM(L69:L78) -> 0 | M79: =SUM(M69:M78) -> 0 | N79: =SUM(N69:N78) -> 0 | O79: =SUM(O69:O78) -> 0 | P79: =SUM(P69:P78) -> 0 | Q79: =SUM(Q69:Q78) -> 0 | R79: =SUM(R69:R78) -> 0 | S79: =SUM(S69:S78) -> 0 | ... BS79: =SUM(BS69:BS78) -> 0
B81: QUALITATIVE BENEFITS
B83: Financial | E83: Operational | H83: Customer | K83: Employee | N83: Risk Management
B84: New revenue | E84: Improve efficiency | H84: Higher satisfaction | K84: Increased staff retention | N84: Better data security
B85: Cost reduction | E85: Better time to market | H85: Improved retention | K85: Improved culture | N85: Compliance with GDPR
B86: Better cash management | E86: Higher product quality | H86: Increased referrals | K86: Higher engagement | N86: Resiliency

Sheet Calcs (Example Data)
B1: WARNING: DO NOT MAKE CHANGES TO FORMULAS ON THIS TAB - THIS SHEET IS PROTECTED, BUT THE PASSWORD TO EDIT IS ON THE "READ ME FIRST" TAB
B2: Back-Up Calculations
C4: Month | D4: 1 | E4: =D4+1 -> 2 | F4: =E4+1 -> 3 | G4: =F4+1 -> 4 | H4: =G4+1 -> 5 | I4: =H4+1 -> 6 | J4: =I4+1 -> 7 | K4: =J4+1 -> 8 | L4: =K4+1 -> 9 | ... BK4: =BJ4+1 -> 60
C5: Year | D5: 1 | E5: 1 | F5: 1 | G5: 1 | H5: 1 | I5: 1 | J5: 1 | K5: 1 | L5: 1 | M5: 1 | N5: 1 | O5: 1 | P5: 2 | Q5: 2 | R5: 2 | S5: 2 | T5: 2 | U5: 2 | V5: 2 | W5: 2 | X5: 2 | Y5: 2 | Z5: 2 | AA5: 2 | AB5: 3 | AC5: 3 | AD5: 3 | AE5: 3 | AF5: 3 | AG5: 3 | AH5: 3 | AI5: 3 | AJ5: 3 | AK5: 3 | AL5: 3 | AM5: 3 | AN5: 4 | AO5: 4 | AP5: 4 | AQ5: 4 | AR5: 4 | AS5: 4 | AT5: 4 | AU5: 4 | AV5: 4 | AW5: 4 | AX5: 4 | AY5: 4 | AZ5: 5 | BA5: 5 | BB5: 5 | BC5: 5 | BD5: 5 | BE5: 5 | BF5: 5 | BG5: 5 | BH5: 5 | BI5: 5 | BJ5: 5 | BK5: 5
C6: Flag for Payback | D6: =IF(AND(C68<0,D68>0),1,0) -> 0 | E6: =IF(AND(D68<0,E68>0),1,0) -> 0 | F6: =IF(AND(E68<0,F68>0),1,0) -> 0 | G6: =IF(AND(F68<0,G68>0),1,0) -> 0 | H6: =IF(AND(G68<0,H68>0),1,0) -> 0 | I6: =IF(AND(H68<0,I68>0),1,0) -> 0 | J6: =IF(AND(I68<0,J68>0),1,0) -> 0 | K6: =IF(AND(J68<0,K68>0),1,0) -> 0 | ... BK6: =IF(AND(BJ68<0,BK68>0),1,0) -> 0
D8: Month 1 | E8: Month 2 | F8: Month 3 | G8: Month 4 | H8: Month 5 | I8: Month 6 | J8: Month 7 | K8: Month 8 | L8: Month 9 | M8: Month 10 | N8: Month 11 | O8: Month 12 | P8: Month 13 | Q8: Month 14 | R8: Month 15 | S8: Month 16 | T8: Month 17 | U8: Month 18 | V8: Month 19 | W8: Month 20 | X8: Month 21 | Y8: Month 22 | Z8: Month 23 | AA8: Month 24 | AB8: Month 25 | AC8: Month 26 | AD8: Month 27 | AE8: Month 28 | AF8: Month 29 | AG8: Month 30 | AH8: Month 31 | AI8: Month 32 | AJ8: Month 33 | AK8: Month 34 | AL8: Month 35 | AM8: Month 36 | AN8: Month 37 | AO8: Month 38 | AP8: Month 39 | AQ8: Month 40 | AR8: Month 41 | AS8: Month 42 | AT8: Month 43 | AU8: Month 44 | AV8: Month 45 | AW8: Month 46 | AX8: Month 47 | AY8: Month 48 | AZ8: Month 49 | BA8: Month 50 | BB8: Month 51 | BC8: Month 52 | BD8: Month 53 | BE8: Month 54 | BF8: Month 55 | BG8: Month 56 | BH8: Month 57 | BI8: Month 58 | BJ8: Month 59 | BK8: Month 60 | BM8: Total
B9: Annual Benefits
C10: ='Data Input (Example Data)'!B54 -> Increase in Revenue | D10: =IF(D$5<='Data Input (Example Data)'!$F54,'Data Input (Example Data)'!$E54/12,0) -> 416666.67 | E10: =IF(E$5<='Data Input (Example Data)'!$F54,'Data Input (Example Data)'!$E54/12,0) -> 416666.67 | F10: =IF(F$5<='Data Input (Example Data)'!$F54,'Data Input (Example Data)'!$E54/12,0) -> 416666.67 | G10: =IF(G$5<='Data Input (Example Data)'!$F54,'Data Input (Example Data)'!$E54/12,0) -> 416666.67 | H10: =IF(H$5<='Data Input (Example Data)'!$F54,'Data Input (Example Data)'!$E54/12,0) -> 416666.67 | I10: =IF(I$5<='Data Input (Example Data)'!$F54,'Data Input (Example Data)'!$E54/12,0) -> 416666.67 | J10: =IF(J$5<='Data Input (Example Data)'!$F54,'Data Input (Example Data)'!$E54/12,0) -> 416666.67 | K10: =IF(K$5<='Data Input (Example Data)'!$F54,'Data Input (Example Data)'!$E54/12,0) -> 416666.67 | ... BK10: =IF(BK$5<='Data Input (Example Data)'!$F54,'Data Input (Example Data)'!$E54/12,0) -> 416666.67 | BM10: =SUM(D10:BK10) -> 25000000
C11: ='Data Input (Example Data)'!B55 -> Reduction in Overhead | D11: =IF(D$5<='Data Input (Example Data)'!$F55,'Data Input (Example Data)'!$E55/12,0) -> 250000 | E11: =IF(E$5<='Data Input (Example Data)'!$F55,'Data Input (Example Data)'!$E55/12,0) -> 250000 | F11: =IF(F$5<='Data Input (Example Data)'!$F55,'Data Input (Example Data)'!$E55/12,0) -> 250000 | G11: =IF(G$5<='Data Input (Example Data)'!$F55,'Data Input (Example Data)'!$E55/12,0) -> 250000 | H11: =IF(H$5<='Data Input (Example Data)'!$F55,'Data Input (Example Data)'!$E55/12,0) -> 250000 | I11: =IF(I$5<='Data Input (Example Data)'!$F55,'Data Input (Example Data)'!$E55/12,0) -> 250000 | J11: =IF(J$5<='Data Input (Example Data)'!$F55,'Data Input (Example Data)'!$E55/12,0) -> 250000 | K11: =IF(K$5<='Data Input (Example Data)'!$F55,'Data Input (Example Data)'!$E55/12,0) -> 250000 | ... BK11: =IF(BK$5<='Data Input (Example Data)'!$F55,'Data Input (Example Data)'!$E55/12,0) -> 250000 | BM11: =SUM(D11:BK11) -> 15000000
C12: ='Data Input (Example Data)'!B56 -> New Category | D12: =IF(D$5<='Data Input (Example Data)'!$F56,'Data Input (Example Data)'!$E56/12,0) -> 0 | E12: =IF(E$5<='Data Input (Example Data)'!$F56,'Data Input (Example Data)'!$E56/12,0) -> 0 | F12: =IF(F$5<='Data Input (Example Data)'!$F56,'Data Input (Example Data)'!$E56/12,0) -> 0 | G12: =IF(G$5<='Data Input (Example Data)'!$F56,'Data Input (Example Data)'!$E56/12,0) -> 0 | H12: =IF(H$5<='Data Input (Example Data)'!$F56,'Data Input (Example Data)'!$E56/12,0) -> 0 | I12: =IF(I$5<='Data Input (Example Data)'!$F56,'Data Input (Example Data)'!$E56/12,0) -> 0 | J12: =IF(J$5<='Data Input (Example Data)'!$F56,'Data Input (Example Data)'!$E56/12,0) -> 0 | K12: =IF(K$5<='Data Input (Example Data)'!$F56,'Data Input (Example Data)'!$E56/12,0) -> 0 | ... BK12: =IF(BK$5<='Data Input (Example Data)'!$F56,'Data Input (Example Data)'!$E56/12,0) -> 0 | BM12: =SUM(D12:BK12) -> 0
C13: ='Data Input (Example Data)'!B57 -> New Category | D13: =IF(D$5<='Data Input (Example Data)'!$F57,'Data Input (Example Data)'!$E57/12,0) -> 0 | E13: =IF(E$5<='Data Input (Example Data)'!$F57,'Data Input (Example Data)'!$E57/12,0) -> 0 | F13: =IF(F$5<='Data Input (Example Data)'!$F57,'Data Input (Example Data)'!$E57/12,0) -> 0 | G13: =IF(G$5<='Data Input (Example Data)'!$F57,'Data Input (Example Data)'!$E57/12,0) -> 0 | H13: =IF(H$5<='Data Input (Example Data)'!$F57,'Data Input (Example Data)'!$E57/12,0) -> 0 | I13: =IF(I$5<='Data Input (Example Data)'!$F57,'Data Input (Example Data)'!$E57/12,0) -> 0 | J13: =IF(J$5<='Data Input (Example Data)'!$F57,'Data Input (Example Data)'!$E57/12,0) -> 0 | K13: =IF(K$5<='Data Input (Example Data)'!$F57,'Data Input (Example Data)'!$E57/12,0) -> 0 | ... BK13: =IF(BK$5<='Data Input (Example Data)'!$F57,'Data Input (Example Data)'!$E57/12,0) -> 0 | BM13: =SUM(D13:BK13) -> 0
C14: ='Data Input (Example Data)'!B58 -> New Category | D14: =IF(D$5<='Data Input (Example Data)'!$F58,'Data Input (Example Data)'!$E58/12,0) -> 0 | E14: =IF(E$5<='Data Input (Example Data)'!$F58,'Data Input (Example Data)'!$E58/12,0) -> 0 | F14: =IF(F$5<='Data Input (Example Data)'!$F58,'Data Input (Example Data)'!$E58/12,0) -> 0 | G14: =IF(G$5<='Data Input (Example Data)'!$F58,'Data Input (Example Data)'!$E58/12,0) -> 0 | H14: =IF(H$5<='Data Input (Example Data)'!$F58,'Data Input (Example Data)'!$E58/12,0) -> 0 | I14: =IF(I$5<='Data Input (Example Data)'!$F58,'Data Input (Example Data)'!$E58/12,0) -> 0 | J14: =IF(J$5<='Data Input (Example Data)'!$F58,'Data Input (Example Data)'!$E58/12,0) -> 0 | K14: =IF(K$5<='Data Input (Example Data)'!$F58,'Data Input (Example Data)'!$E58/12,0) -> 0 | ... BK14: =IF(BK$5<='Data Input (Example Data)'!$F58,'Data Input (Example Data)'!$E58/12,0) -> 0 | BM14: =SUM(D14:BK14) -> 0
C15: ='Data Input (Example Data)'!B59 -> New Category | D15: =IF(D$5<='Data Input (Example Data)'!$F59,'Data Input (Example Data)'!$E59/12,0) -> 0 | E15: =IF(E$5<='Data Input (Example Data)'!$F59,'Data Input (Example Data)'!$E59/12,0) -> 0 | F15: =IF(F$5<='Data Input (Example Data)'!$F59,'Data Input (Example Data)'!$E59/12,0) -> 0 | G15: =IF(G$5<='Data Input (Example Data)'!$F59,'Data Input (Example Data)'!$E59/12,0) -> 0 | H15: =IF(H$5<='Data Input (Example Data)'!$F59,'Data Input (Example Data)'!$E59/12,0) -> 0 | I15: =IF(I$5<='Data Input (Example Data)'!$F59,'Data Input (Example Data)'!$E59/12,0) -> 0 | J15: =IF(J$5<='Data Input (Example Data)'!$F59,'Data Input (Example Data)'!$E59/12,0) -> 0 | K15: =IF(K$5<='Data Input (Example Data)'!$F59,'Data Input (Example Data)'!$E59/12,0) -> 0 | ... BK15: =IF(BK$5<='Data Input (Example Data)'!$F59,'Data Input (Example Data)'!$E59/12,0) -> 0 | BM15: =SUM(D15:BK15) -> 0
C16: ='Data Input (Example Data)'!B60 -> New Category | D16: =IF(D$5<='Data Input (Example Data)'!$F60,'Data Input (Example Data)'!$E60/12,0) -> 0 | E16: =IF(E$5<='Data Input (Example Data)'!$F60,'Data Input (Example Data)'!$E60/12,0) -> 0 | F16: =IF(F$5<='Data Input (Example Data)'!$F60,'Data Input (Example Data)'!$E60/12,0) -> 0 | G16: =IF(G$5<='Data Input (Example Data)'!$F60,'Data Input (Example Data)'!$E60/12,0) -> 0 | H16: =IF(H$5<='Data Input (Example Data)'!$F60,'Data Input (Example Data)'!$E60/12,0) -> 0 | I16: =IF(I$5<='Data Input (Example Data)'!$F60,'Data Input (Example Data)'!$E60/12,0) -> 0 | J16: =IF(J$5<='Data Input (Example Data)'!$F60,'Data Input (Example Data)'!$E60/12,0) -> 0 | K16: =IF(K$5<='Data Input (Example Data)'!$F60,'Data Input (Example Data)'!$E60/12,0) -> 0 | ... BK16: =IF(BK$5<='Data Input (Example Data)'!$F60,'Data Input (Example Data)'!$E60/12,0) -> 0 | BM16: =SUM(D16:BK16) -> 0
C17: ='Data Input (Example Data)'!B61 -> New Category | D17: =IF(D$5<='Data Input (Example Data)'!$F61,'Data Input (Example Data)'!$E61/12,0) -> 0 | E17: =IF(E$5<='Data Input (Example Data)'!$F61,'Data Input (Example Data)'!$E61/12,0) -> 0 | F17: =IF(F$5<='Data Input (Example Data)'!$F61,'Data Input (Example Data)'!$E61/12,0) -> 0 | G17: =IF(G$5<='Data Input (Example Data)'!$F61,'Data Input (Example Data)'!$E61/12,0) -> 0 | H17: =IF(H$5<='Data Input (Example Data)'!$F61,'Data Input (Example Data)'!$E61/12,0) -> 0 | I17: =IF(I$5<='Data Input (Example Data)'!$F61,'Data Input (Example Data)'!$E61/12,0) -> 0 | J17: =IF(J$5<='Data Input (Example Data)'!$F61,'Data Input (Example Data)'!$E61/12,0) -> 0 | K17: =IF(K$5<='Data Input (Example Data)'!$F61,'Data Input (Example Data)'!$E61/12,0) -> 0 | ... BK17: =IF(BK$5<='Data Input (Example Data)'!$F61,'Data Input (Example Data)'!$E61/12,0) -> 0 | BM17: =SUM(D17:BK17) -> 0
C18: ='Data Input (Example Data)'!B62 -> New Category | D18: =IF(D$5<='Data Input (Example Data)'!$F62,'Data Input (Example Data)'!$E62/12,0) -> 0 | E18: =IF(E$5<='Data Input (Example Data)'!$F62,'Data Input (Example Data)'!$E62/12,0) -> 0 | F18: =IF(F$5<='Data Input (Example Data)'!$F62,'Data Input (Example Data)'!$E62/12,0) -> 0 | G18: =IF(G$5<='Data Input (Example Data)'!$F62,'Data Input (Example Data)'!$E62/12,0) -> 0 | H18: =IF(H$5<='Data Input (Example Data)'!$F62,'Data Input (Example Data)'!$E62/12,0) -> 0 | I18: =IF(I$5<='Data Input (Example Data)'!$F62,'Data Input (Example Data)'!$E62/12,0) -> 0 | J18: =IF(J$5<='Data Input (Example Data)'!$F62,'Data Input (Example Data)'!$E62/12,0) -> 0 | K18: =IF(K$5<='Data Input (Example Data)'!$F62,'Data Input (Example Data)'!$E62/12,0) -> 0 | ... BK18: =IF(BK$5<='Data Input (Example Data)'!$F62,'Data Input (Example Data)'!$E62/12,0) -> 0 | BM18: =SUM(D18:BK18) -> 0
C19: ='Data Input (Example Data)'!B63 -> New Category | D19: =IF(D$5<='Data Input (Example Data)'!$F63,'Data Input (Example Data)'!$E63/12,0) -> 0 | E19: =IF(E$5<='Data Input (Example Data)'!$F63,'Data Input (Example Data)'!$E63/12,0) -> 0 | F19: =IF(F$5<='Data Input (Example Data)'!$F63,'Data Input (Example Data)'!$E63/12,0) -> 0 | G19: =IF(G$5<='Data Input (Example Data)'!$F63,'Data Input (Example Data)'!$E63/12,0) -> 0 | H19: =IF(H$5<='Data Input (Example Data)'!$F63,'Data Input (Example Data)'!$E63/12,0) -> 0 | I19: =IF(I$5<='Data Input (Example Data)'!$F63,'Data Input (Example Data)'!$E63/12,0) -> 0 | J19: =IF(J$5<='Data Input (Example Data)'!$F63,'Data Input (Example Data)'!$E63/12,0) -> 0 | K19: =IF(K$5<='Data Input (Example Data)'!$F63,'Data Input (Example Data)'!$E63/12,0) -> 0 | ... BK19: =IF(BK$5<='Data Input (Example Data)'!$F63,'Data Input (Example Data)'!$E63/12,0) -> 0 | BM19: =SUM(D19:BK19) -> 0
B20: One-Time & Variable Benefits | BM20: =SUM(D20:BK20) -> 0
C21: ='Data Input (Example Data)'!B69 -> Increase in Revenue | D21: ='Data Input (Example Data)'!L69 -> 0 | E21: ='Data Input (Example Data)'!M69 -> 0 | F21: ='Data Input (Example Data)'!N69 -> 0 | G21: ='Data Input (Example Data)'!O69 -> 0 | H21: ='Data Input (Example Data)'!P69 -> 0 | I21: ='Data Input (Example Data)'!Q69 -> 0 | J21: ='Data Input (Example Data)'!R69 -> 0 | K21: ='Data Input (Example Data)'!S69 -> 0 | ... BK21: ='Data Input (Example Data)'!BS69 -> 0 | BM21: =SUM(D21:BK21) -> 5000000
C22: ='Data Input (Example Data)'!B70 -> New Category | D22: ='Data Input (Example Data)'!L70 -> 0 | E22: ='Data Input (Example Data)'!M70 -> 0 | F22: ='Data Input (Example Data)'!N70 -> 0 | G22: ='Data Input (Example Data)'!O70 -> 0 | H22: ='Data Input (Example Data)'!P70 -> 0 | I22: ='Data Input (Example Data)'!Q70 -> 0 | J22: ='Data Input (Example Data)'!R70 -> 0 | K22: ='Data Input (Example Data)'!S70 -> 0 | ... BK22: ='Data Input (Example Data)'!BS70 -> 0 | BM22: =SUM(D22:BK22) -> 0
C23: ='Data Input (Example Data)'!B71 -> New Category | D23: ='Data Input (Example Data)'!L71 -> 0 | E23: ='Data Input (Example Data)'!M71 -> 0 | F23: ='Data Input (Example Data)'!N71 -> 0 | G23: ='Data Input (Example Data)'!O71 -> 0 | H23: ='Data Input (Example Data)'!P71 -> 0 | I23: ='Data Input (Example Data)'!Q71 -> 0 | J23: ='Data Input (Example Data)'!R71 -> 0 | K23: ='Data Input (Example Data)'!S71 -> 0 | ... BK23: ='Data Input (Example Data)'!BS71 -> 0 | BM23: =SUM(D23:BK23) -> 0
C24: ='Data Input (Example Data)'!B72 -> New Category | D24: ='Data Input (Example Data)'!L72 -> 0 | E24: ='Data Input (Example Data)'!M72 -> 0 | F24: ='Data Input (Example Data)'!N72 -> 0 | G24: ='Data Input (Example Data)'!O72 -> 0 | H24: ='Data Input (Example Data)'!P72 -> 0 | I24: ='Data Input (Example Data)'!Q72 -> 0 | J24: ='Data Input (Example Data)'!R72 -> 0 | K24: ='Data Input (Example Data)'!S72 -> 0 | ... BK24: ='Data Input (Example Data)'!BS72 -> 0 | BM24: =SUM(D24:BK24) -> 0
C25: ='Data Input (Example Data)'!B73 -> New Category | D25: ='Data Input (Example Data)'!L73 -> 0 | E25: ='Data Input (Example Data)'!M73 -> 0 | F25: ='Data Input (Example Data)'!N73 -> 0 | G25: ='Data Input (Example Data)'!O73 -> 0 | H25: ='Data Input (Example Data)'!P73 -> 0 | I25: ='Data Input (Example Data)'!Q73 -> 0 | J25: ='Data Input (Example Data)'!R73 -> 0 | K25: ='Data Input (Example Data)'!S73 -> 0 | ... BK25: ='Data Input (Example Data)'!BS73 -> 0 | BM25: =SUM(D25:BK25) -> 0
C26: ='Data Input (Example Data)'!B74 -> New Category | D26: ='Data Input (Example Data)'!L74 -> 0 | E26: ='Data Input (Example Data)'!M74 -> 0 | F26: ='Data Input (Example Data)'!N74 -> 0 | G26: ='Data Input (Example Data)'!O74 -> 0 | H26: ='Data Input (Example Data)'!P74 -> 0 | I26: ='Data Input (Example Data)'!Q74 -> 0 | J26: ='Data Input (Example Data)'!R74 -> 0 | K26: ='Data Input (Example Data)'!S74 -> 0 | ... BK26: ='Data Input (Example Data)'!BS74 -> 0 | BM26: =SUM(D26:BK26) -> 0
C27: ='Data Input (Example Data)'!B75 -> New Category | D27: ='Data Input (Example Data)'!L75 -> 0 | E27: ='Data Input (Example Data)'!M75 -> 0 | F27: ='Data Input (Example Data)'!N75 -> 0 | G27: ='Data Input (Example Data)'!O75 -> 0 | H27: ='Data Input (Example Data)'!P75 -> 0 | I27: ='Data Input (Example Data)'!Q75 -> 0 | J27: ='Data Input (Example Data)'!R75 -> 0 | K27: ='Data Input (Example Data)'!S75 -> 0 | ... BK27: ='Data Input (Example Data)'!BS75 -> 0 | BM27: =SUM(D27:BK27) -> 0
C28: ='Data Input (Example Data)'!B76 -> New Category | D28: ='Data Input (Example Data)'!L76 -> 0 | E28: ='Data Input (Example Data)'!M76 -> 0 | F28: ='Data Input (Example Data)'!N76 -> 0 | G28: ='Data Input (Example Data)'!O76 -> 0 | H28: ='Data Input (Example Data)'!P76 -> 0 | I28: ='Data Input (Example Data)'!Q76 -> 0 | J28: ='Data Input (Example Data)'!R76 -> 0 | K28: ='Data Input (Example Data)'!S76 -> 0 | ... BK28: ='Data Input (Example Data)'!BS76 -> 0 | BM28: =SUM(D28:BK28) -> 0
C29: ='Data Input (Example Data)'!B77 -> New Category | D29: ='Data Input (Example Data)'!L77 -> 0 | E29: ='Data Input (Example Data)'!M77 -> 0 | F29: ='Data Input (Example Data)'!N77 -> 0 | G29: ='Data Input (Example Data)'!O77 -> 0 | H29: ='Data Input (Example Data)'!P77 -> 0 | I29: ='Data Input (Example Data)'!Q77 -> 0 | J29: ='Data Input (Example Data)'!R77 -> 0 | K29: ='Data Input (Example Data)'!S77 -> 0 | ... BK29: ='Data Input (Example Data)'!BS77 -> 0 | BM29: =SUM(D29:BK29) -> 0
C30: ='Data Input (Example Data)'!B78 -> New Category | D30: ='Data Input (Example Data)'!L78 -> 0 | E30: ='Data Input (Example Data)'!M78 -> 0 | F30: ='Data Input (Example Data)'!N78 -> 0 | G30: ='Data Input (Example Data)'!O78 -> 0 | H30: ='Data Input (Example Data)'!P78 -> 0 | I30: ='Data Input (Example Data)'!Q78 -> 0 | J30: ='Data Input (Example Data)'!R78 -> 0 | K30: ='Data Input (Example Data)'!S78 -> 0 | ... BK30: ='Data Input (Example Data)'!BS78 -> 0 | BM30: =SUM(D30:BK30) -> 0
B31: Annual Costs | BM31: =SUM(D31:BK31) -> 0
C32: ='Data Input (Example Data)'!B24 -> Software Expenses | D32: =-IF(D$5<='Data Input (Example Data)'!$F24,'Data Input (Example Data)'!$E24/12,0) -> -125000 | E32: =-IF(E$5<='Data Input (Example Data)'!$F24,'Data Input (Example Data)'!$E24/12,0) -> -125000 | F32: =-IF(F$5<='Data Input (Example Data)'!$F24,'Data Input (Example Data)'!$E24/12,0) -> -125000 | G32: =-IF(G$5<='Data Input (Example Data)'!$F24,'Data Input (Example Data)'!$E24/12,0) -> -125000 | H32: =-IF(H$5<='Data Input (Example Data)'!$F24,'Data Input (Example Data)'!$E24/12,0) -> -125000 | I32: =-IF(I$5<='Data Input (Example Data)'!$F24,'Data Input (Example Data)'!$E24/12,0) -> -125000 | J32: =-IF(J$5<='Data Input (Example Data)'!$F24,'Data Input (Example Data)'!$E24/12,0) -> -125000 | K32: =-IF(K$5<='Data Input (Example Data)'!$F24,'Data Input (Example Data)'!$E24/12,0) -> -125000 | ... BK32: =-IF(BK$5<='Data Input (Example Data)'!$F24,'Data Input (Example Data)'!$E24/12,0) -> -125000 | BM32: =SUM(D32:BK32) -> -7500000
C33: ='Data Input (Example Data)'!B25 -> Maintenance Expenses | D33: =-IF(D$5<='Data Input (Example Data)'!$F25,'Data Input (Example Data)'!$E25/12,0) -> -208333.33 | E33: =-IF(E$5<='Data Input (Example Data)'!$F25,'Data Input (Example Data)'!$E25/12,0) -> -208333.33 | F33: =-IF(F$5<='Data Input (Example Data)'!$F25,'Data Input (Example Data)'!$E25/12,0) -> -208333.33 | G33: =-IF(G$5<='Data Input (Example Data)'!$F25,'Data Input (Example Data)'!$E25/12,0) -> -208333.33 | H33: =-IF(H$5<='Data Input (Example Data)'!$F25,'Data Input (Example Data)'!$E25/12,0) -> -208333.33 | I33: =-IF(I$5<='Data Input (Example Data)'!$F25,'Data Input (Example Data)'!$E25/12,0) -> -208333.33 | J33: =-IF(J$5<='Data Input (Example Data)'!$F25,'Data Input (Example Data)'!$E25/12,0) -> -208333.33 | K33: =-IF(K$5<='Data Input (Example Data)'!$F25,'Data Input (Example Data)'!$E25/12,0) -> -208333.33 | ... BK33: =-IF(BK$5<='Data Input (Example Data)'!$F25,'Data Input (Example Data)'!$E25/12,0) -> -208333.33 | BM33: =SUM(D33:BK33) -> -12500000
C34: ='Data Input (Example Data)'!B26 -> New Category | D34: =-IF(D$5<='Data Input (Example Data)'!$F26,'Data Input (Example Data)'!$E26/12,0) -> 0 | E34: =-IF(E$5<='Data Input (Example Data)'!$F26,'Data Input (Example Data)'!$E26/12,0) -> 0 | F34: =-IF(F$5<='Data Input (Example Data)'!$F26,'Data Input (Example Data)'!$E26/12,0) -> 0 | G34: =-IF(G$5<='Data Input (Example Data)'!$F26,'Data Input (Example Data)'!$E26/12,0) -> 0 | H34: =-IF(H$5<='Data Input (Example Data)'!$F26,'Data Input (Example Data)'!$E26/12,0) -> 0 | I34: =-IF(I$5<='Data Input (Example Data)'!$F26,'Data Input (Example Data)'!$E26/12,0) -> 0 | J34: =-IF(J$5<='Data Input (Example Data)'!$F26,'Data Input (Example Data)'!$E26/12,0) -> 0 | K34: =-IF(K$5<='Data Input (Example Data)'!$F26,'Data Input (Example Data)'!$E26/12,0) -> 0 | ... BK34: =-IF(BK$5<='Data Input (Example Data)'!$F26,'Data Input (Example Data)'!$E26/12,0) -> 0 | BM34: =SUM(D34:BK34) -> 0
C35: ='Data Input (Example Data)'!B27 -> New Category | D35: =-IF(D$5<='Data Input (Example Data)'!$F27,'Data Input (Example Data)'!$E27/12,0) -> 0 | E35: =-IF(E$5<='Data Input (Example Data)'!$F27,'Data Input (Example Data)'!$E27/12,0) -> 0 | F35: =-IF(F$5<='Data Input (Example Data)'!$F27,'Data Input (Example Data)'!$E27/12,0) -> 0 | G35: =-IF(G$5<='Data Input (Example Data)'!$F27,'Data Input (Example Data)'!$E27/12,0) -> 0 | H35: =-IF(H$5<='Data Input (Example Data)'!$F27,'Data Input (Example Data)'!$E27/12,0) -> 0 | I35: =-IF(I$5<='Data Input (Example Data)'!$F27,'Data Input (Example Data)'!$E27/12,0) -> 0 | J35: =-IF(J$5<='Data Input (Example Data)'!$F27,'Data Input (Example Data)'!$E27/12,0) -> 0 | K35: =-IF(K$5<='Data Input (Example Data)'!$F27,'Data Input (Example Data)'!$E27/12,0) -> 0 | ... BK35: =-IF(BK$5<='Data Input (Example Data)'!$F27,'Data Input (Example Data)'!$E27/12,0) -> 0 | BM35: =SUM(D35:BK35) -> 0
C36: ='Data Input (Example Data)'!B28 -> New Category | D36: =-IF(D$5<='Data Input (Example Data)'!$F28,'Data Input (Example Data)'!$E28/12,0) -> 0 | E36: =-IF(E$5<='Data Input (Example Data)'!$F28,'Data Input (Example Data)'!$E28/12,0) -> 0 | F36: =-IF(F$5<='Data Input (Example Data)'!$F28,'Data Input (Example Data)'!$E28/12,0) -> 0 | G36: =-IF(G$5<='Data Input (Example Data)'!$F28,'Data Input (Example Data)'!$E28/12,0) -> 0 | H36: =-IF(H$5<='Data Input (Example Data)'!$F28,'Data Input (Example Data)'!$E28/12,0) -> 0 | I36: =-IF(I$5<='Data Input (Example Data)'!$F28,'Data Input (Example Data)'!$E28/12,0) -> 0 | J36: =-IF(J$5<='Data Input (Example Data)'!$F28,'Data Input (Example Data)'!$E28/12,0) -> 0 | K36: =-IF(K$5<='Data Input (Example Data)'!$F28,'Data Input (Example Data)'!$E28/12,0) -> 0 | ... BK36: =-IF(BK$5<='Data Input (Example Data)'!$F28,'Data Input (Example Data)'!$E28/12,0) -> 0 | BM36: =SUM(D36:BK36) -> 0
C37: ='Data Input (Example Data)'!B29 -> New Category | D37: =-IF(D$5<='Data Input (Example Data)'!$F29,'Data Input (Example Data)'!$E29/12,0) -> 0 | E37: =-IF(E$5<='Data Input (Example Data)'!$F29,'Data Input (Example Data)'!$E29/12,0) -> 0 | F37: =-IF(F$5<='Data Input (Example Data)'!$F29,'Data Input (Example Data)'!$E29/12,0) -> 0 | G37: =-IF(G$5<='Data Input (Example Data)'!$F29,'Data Input (Example Data)'!$E29/12,0) -> 0 | H37: =-IF(H$5<='Data Input (Example Data)'!$F29,'Data Input (Example Data)'!$E29/12,0) -> 0 | I37: =-IF(I$5<='Data Input (Example Data)'!$F29,'Data Input (Example Data)'!$E29/12,0) -> 0 | J37: =-IF(J$5<='Data Input (Example Data)'!$F29,'Data Input (Example Data)'!$E29/12,0) -> 0 | K37: =-IF(K$5<='Data Input (Example Data)'!$F29,'Data Input (Example Data)'!$E29/12,0) -> 0 | ... BK37: =-IF(BK$5<='Data Input (Example Data)'!$F29,'Data Input (Example Data)'!$E29/12,0) -> 0 | BM37: =SUM(D37:BK37) -> 0
C38: ='Data Input (Example Data)'!B30 -> New Category | D38: =-IF(D$5<='Data Input (Example Data)'!$F30,'Data Input (Example Data)'!$E30/12,0) -> 0 | E38: =-IF(E$5<='Data Input (Example Data)'!$F30,'Data Input (Example Data)'!$E30/12,0) -> 0 | F38: =-IF(F$5<='Data Input (Example Data)'!$F30,'Data Input (Example Data)'!$E30/12,0) -> 0 | G38: =-IF(G$5<='Data Input (Example Data)'!$F30,'Data Input (Example Data)'!$E30/12,0) -> 0 | H38: =-IF(H$5<='Data Input (Example Data)'!$F30,'Data Input (Example Data)'!$E30/12,0) -> 0 | I38: =-IF(I$5<='Data Input (Example Data)'!$F30,'Data Input (Example Data)'!$E30/12,0) -> 0 | J38: =-IF(J$5<='Data Input (Example Data)'!$F30,'Data Input (Example Data)'!$E30/12,0) -> 0 | K38: =-IF(K$5<='Data Input (Example Data)'!$F30,'Data Input (Example Data)'!$E30/12,0) -> 0 | ... BK38: =-IF(BK$5<='Data Input (Example Data)'!$F30,'Data Input (Example Data)'!$E30/12,0) -> 0 | BM38: =SUM(D38:BK38) -> 0
C39: ='Data Input (Example Data)'!B31 -> New Category | D39: =-IF(D$5<='Data Input (Example Data)'!$F31,'Data Input (Example Data)'!$E31/12,0) -> 0 | E39: =-IF(E$5<='Data Input (Example Data)'!$F31,'Data Input (Example Data)'!$E31/12,0) -> 0 | F39: =-IF(F$5<='Data Input (Example Data)'!$F31,'Data Input (Example Data)'!$E31/12,0) -> 0 | G39: =-IF(G$5<='Data Input (Example Data)'!$F31,'Data Input (Example Data)'!$E31/12,0) -> 0 | H39: =-IF(H$5<='Data Input (Example Data)'!$F31,'Data Input (Example Data)'!$E31/12,0) -> 0 | I39: =-IF(I$5<='Data Input (Example Data)'!$F31,'Data Input (Example Data)'!$E31/12,0) -> 0 | J39: =-IF(J$5<='Data Input (Example Data)'!$F31,'Data Input (Example Data)'!$E31/12,0) -> 0 | K39: =-IF(K$5<='Data Input (Example Data)'!$F31,'Data Input (Example Data)'!$E31/12,0) -> 0 | ... BK39: =-IF(BK$5<='Data Input (Example Data)'!$F31,'Data Input (Example Data)'!$E31/12,0) -> 0 | BM39: =SUM(D39:BK39) -> 0
C40: ='Data Input (Example Data)'!B32 -> New Category | D40: =-IF(D$5<='Data Input (Example Data)'!$F32,'Data Input (Example Data)'!$E32/12,0) -> 0 | E40: =-IF(E$5<='Data Input (Example Data)'!$F32,'Data Input (Example Data)'!$E32/12,0) -> 0 | F40: =-IF(F$5<='Data Input (Example Data)'!$F32,'Data Input (Example Data)'!$E32/12,0) -> 0 | G40: =-IF(G$5<='Data Input (Example Data)'!$F32,'Data Input (Example Data)'!$E32/12,0) -> 0 | H40: =-IF(H$5<='Data Input (Example Data)'!$F32,'Data Input (Example Data)'!$E32/12,0) -> 0 | I40: =-IF(I$5<='Data Input (Example Data)'!$F32,'Data Input (Example Data)'!$E32/12,0) -> 0 | J40: =-IF(J$5<='Data Input (Example Data)'!$F32,'Data Input (Example Data)'!$E32/12,0) -> 0 | K40: =-IF(K$5<='Data Input (Example Data)'!$F32,'Data Input (Example Data)'!$E32/12,0) -> 0 | ... BK40: =-IF(BK$5<='Data Input (Example Data)'!$F32,'Data Input (Example Data)'!$E32/12,0) -> 0 | BM40: =SUM(D40:BK40) -> 0
C41: ='Data Input (Example Data)'!B33 -> New Category | D41: =-IF(D$5<='Data Input (Example Data)'!$F33,'Data Input (Example Data)'!$E33/12,0) -> 0 | E41: =-IF(E$5<='Data Input (Example Data)'!$F33,'Data Input (Example Data)'!$E33/12,0) -> 0 | F41: =-IF(F$5<='Data Input (Example Data)'!$F33,'Data Input (Example Data)'!$E33/12,0) -> 0 | G41: =-IF(G$5<='Data Input (Example Data)'!$F33,'Data Input (Example Data)'!$E33/12,0) -> 0 | H41: =-IF(H$5<='Data Input (Example Data)'!$F33,'Data Input (Example Data)'!$E33/12,0) -> 0 | I41: =-IF(I$5<='Data Input (Example Data)'!$F33,'Data Input (Example Data)'!$E33/12,0) -> 0 | J41: =-IF(J$5<='Data Input (Example Data)'!$F33,'Data Input (Example Data)'!$E33/12,0) -> 0 | K41: =-IF(K$5<='Data Input (Example Data)'!$F33,'Data Input (Example Data)'!$E33/12,0) -> 0 | ... BK41: =-IF(BK$5<='Data Input (Example Data)'!$F33,'Data Input (Example Data)'!$E33/12,0) -> 0 | BM41: =SUM(D41:BK41) -> 0
B42: One-Time & Variable Costs | BM42: =SUM(D42:BK42) -> 0
C43: ='Data Input (Example Data)'!B39 -> Hardware Expenses | D43: =-'Data Input (Example Data)'!L39 -> -1500000 | E43: =-'Data Input (Example Data)'!M39 -> 0 | F43: =-'Data Input (Example Data)'!N39 -> -1000000 | G43: =-'Data Input (Example Data)'!O39 -> 0 | H43: =-'Data Input (Example Data)'!P39 -> -1000000 | I43: =-'Data Input (Example Data)'!Q39 -> 0 | J43: =-'Data Input (Example Data)'!R39 -> -1500000 | K43: =-'Data Input (Example Data)'!S39 -> 0 | ... BK43: =-'Data Input (Example Data)'!BS39 -> 0 | BM43: =SUM(D43:BK43) -> -7500000
C44: ='Data Input (Example Data)'!B40 -> Contract Labor | D44: =-'Data Input (Example Data)'!L40 -> -1000000 | E44: =-'Data Input (Example Data)'!M40 -> -1000000 | F44: =-'Data Input (Example Data)'!N40 -> -1000000 | G44: =-'Data Input (Example Data)'!O40 -> -1000000 | H44: =-'Data Input (Example Data)'!P40 -> -1000000 | I44: =-'Data Input (Example Data)'!Q40 -> -1000000 | J44: =-'Data Input (Example Data)'!R40 -> -1000000 | K44: =-'Data Input (Example Data)'!S40 -> -1000000 | ... BK44: =-'Data Input (Example Data)'!BS40 -> 0 | BM44: =SUM(D44:BK44) -> -12000000
C45: ='Data Input (Example Data)'!B41 -> Set-up Costs | D45: =-'Data Input (Example Data)'!L41 -> 0 | E45: =-'Data Input (Example Data)'!M41 -> -200000 | F45: =-'Data Input (Example Data)'!N41 -> 0 | G45: =-'Data Input (Example Data)'!O41 -> 0 | H45: =-'Data Input (Example Data)'!P41 -> 0 | I45: =-'Data Input (Example Data)'!Q41 -> 0 | J45: =-'Data Input (Example Data)'!R41 -> 0 | K45: =-'Data Input (Example Data)'!S41 -> 0 | ... BK45: =-'Data Input (Example Data)'!BS41 -> 0 | BM45: =SUM(D45:BK45) -> -200000
C46: ='Data Input (Example Data)'!B42 -> New Category | D46: =-'Data Input (Example Data)'!L42 -> 0 | E46: =-'Data Input (Example Data)'!M42 -> 0 | F46: =-'Data Input (Example Data)'!N42 -> 0 | G46: =-'Data Input (Example Data)'!O42 -> 0 | H46: =-'Data Input (Example Data)'!P42 -> 0 | I46: =-'Data Input (Example Data)'!Q42 -> 0 | J46: =-'Data Input (Example Data)'!R42 -> 0 | K46: =-'Data Input (Example Data)'!S42 -> 0 | ... BK46: =-'Data Input (Example Data)'!BS42 -> 0 | BM46: =SUM(D46:BK46) -> 0
C47: ='Data Input (Example Data)'!B43 -> New Category | D47: =-'Data Input (Example Data)'!L43 -> 0 | E47: =-'Data Input (Example Data)'!M43 -> 0 | F47: =-'Data Input (Example Data)'!N43 -> 0 | G47: =-'Data Input (Example Data)'!O43 -> 0 | H47: =-'Data Input (Example Data)'!P43 -> 0 | I47: =-'Data Input (Example Data)'!Q43 -> 0 | J47: =-'Data Input (Example Data)'!R43 -> 0 | K47: =-'Data Input (Example Data)'!S43 -> 0 | ... BK47: =-'Data Input (Example Data)'!BS43 -> 0 | BM47: =SUM(D47:BK47) -> 0
C48: ='Data Input (Example Data)'!B44 -> New Category | D48: =-'Data Input (Example Data)'!L44 -> 0 | E48: =-'Data Input (Example Data)'!M44 -> 0 | F48: =-'Data Input (Example Data)'!N44 -> 0 | G48: =-'Data Input (Example Data)'!O44 -> 0 | H48: =-'Data Input (Example Data)'!P44 -> 0 | I48: =-'Data Input (Example Data)'!Q44 -> 0 | J48: =-'Data Input (Example Data)'!R44 -> 0 | K48: =-'Data Input (Example Data)'!S44 -> 0 | ... BK48: =-'Data Input (Example Data)'!BS44 -> 0 | BM48: =SUM(D48:BK48) -> 0
C49: ='Data Input (Example Data)'!B45 -> New Category | D49: =-'Data Input (Example Data)'!L45 -> 0 | E49: =-'Data Input (Example Data)'!M45 -> 0 | F49: =-'Data Input (Example Data)'!N45 -> 0 | G49: =-'Data Input (Example Data)'!O45 -> 0 | H49: =-'Data Input (Example Data)'!P45 -> 0 | I49: =-'Data Input (Example Data)'!Q45 -> 0 | J49: =-'Data Input (Example Data)'!R45 -> 0 | K49: =-'Data Input (Example Data)'!S45 -> 0 | ... BK49: =-'Data Input (Example Data)'!BS45 -> 0 | BM49: =SUM(D49:BK49) -> 0
C50: ='Data Input (Example Data)'!B46 -> New Category | D50: =-'Data Input (Example Data)'!L46 -> 0 | E50: =-'Data Input (Example Data)'!M46 -> 0 | F50: =-'Data Input (Example Data)'!N46 -> 0 | G50: =-'Data Input (Example Data)'!O46 -> 0 | H50: =-'Data Input (Example Data)'!P46 -> 0 | I50: =-'Data Input (Example Data)'!Q46 -> 0 | J50: =-'Data Input (Example Data)'!R46 -> 0 | K50: =-'Data Input (Example Data)'!S46 -> 0 | ... BK50: =-'Data Input (Example Data)'!BS46 -> 0 | BM50: =SUM(D50:BK50) -> 0
C51: ='Data Input (Example Data)'!B47 -> New Category | D51: =-'Data Input (Example Data)'!L47 -> 0 | E51: =-'Data Input (Example Data)'!M47 -> 0 | F51: =-'Data Input (Example Data)'!N47 -> 0 | G51: =-'Data Input (Example Data)'!O47 -> 0 | H51: =-'Data Input (Example Data)'!P47 -> 0 | I51: =-'Data Input (Example Data)'!Q47 -> 0 | J51: =-'Data Input (Example Data)'!R47 -> 0 | K51: =-'Data Input (Example Data)'!S47 -> 0 | ... BK51: =-'Data Input (Example Data)'!BS47 -> 0 | BM51: =SUM(D51:BK51) -> 0
C52: ='Data Input (Example Data)'!B48 -> New Category | D52: =-'Data Input (Example Data)'!L48 -> 0 | E52: =-'Data Input (Example Data)'!M48 -> 0 | F52: =-'Data Input (Example Data)'!N48 -> 0 | G52: =-'Data Input (Example Data)'!O48 -> 0 | H52: =-'Data Input (Example Data)'!P48 -> 0 | I52: =-'Data Input (Example Data)'!Q48 -> 0 | J52: =-'Data Input (Example Data)'!R48 -> 0 | K52: =-'Data Input (Example Data)'!S48 -> 0 | ... BK52: =-'Data Input (Example Data)'!BS48 -> 0 | BM52: =SUM(D52:BK52) -> 0
C54: Net Cash Flow | D54: =SUM(D10:D52) -> -2166666.7 | E54: =SUM(E9:E53) -> -866666.67 | F54: =SUM(F9:F53) -> -1666666.7 | G54: =SUM(G9:G53) -> -666666.67 | H54: =SUM(H9:H53) -> -1666666.7 | I54: =SUM(I9:I53) -> -666666.67 | J54: =SUM(J9:J53) -> -2166666.7 | K54: =SUM(K9:K53) -> -666666.67 | L54: =SUM(L9:L53) -> -3166666.7 | ... BK54: =SUM(BK9:BK53) -> 333333.33 | BM54: =SUM(D54:BK54) -> 5300000
C55: Discounted Cash Flow | D55: =D54/((1+$D$58)^D4) -> -2154484.9 | E55: =E54/((1+$D$58)^E4) -> -856948.65 | F55: =F54/((1+$D$58)^F4) -> -1638712.6 | G55: =G54/((1+$D$58)^G4) -> -651799.69 | H55: =H54/((1+$D$58)^H4) -> -1620337.6 | I55: =I54/((1+$D$58)^I4) -> -644490.99 | J55: =J54/((1+$D$58)^J4) -> -2082819.2 | K55: =K54/((1+$D$58)^K4) -> -637264.25 | ... BK55: =BK54/((1+$D$58)^BK4) -> 237662.06 | BM55: =SUM(D55:BK55) -> 2533796.9
C57: Internal Hurdle Rate (Annual) | D57: ='Data Input (Example Data)'!F19 -> 0.07
C58: Internal Hurdle Rate (Monthly) | D58: =(1+D57)^(1/12)-1 -> 0.0056541454
C60: IRR (Annual) | D60: =(1+D61)^12-1 -> 0.16058931
C61: IRR (Monthly) | D61: =IRR(D54:BK54) -> 0.012487991
D64: =D8 -> Month 1 | E64: =E8 -> Month 2 | F64: =F8 -> Month 3 | G64: =G8 -> Month 4 | H64: =H8 -> Month 5 | I64: =I8 -> Month 6 | J64: =J8 -> Month 7 | K64: =K8 -> Month 8 | ... BK64: =BK8 -> Month 60
C65: Total Benefits | D65: =SUM(D10:D30) -> 666666.67 | E65: =SUM(E10:E30) -> 666666.67 | F65: =SUM(F10:F30) -> 666666.67 | G65: =SUM(G10:G30) -> 666666.67 | H65: =SUM(H10:H30) -> 666666.67 | I65: =SUM(I10:I30) -> 666666.67 | J65: =SUM(J10:J30) -> 666666.67 | K65: =SUM(K10:K30) -> 666666.67 | ... BK65: =SUM(BK10:BK30) -> 666666.67
C66: Total Costs | D66: =SUM(D32:D52) -> -2833333.3 | E66: =SUM(E32:E52) -> -1533333.3 | F66: =SUM(F32:F52) -> -2333333.3 | G66: =SUM(G32:G52) -> -1333333.3 | H66: =SUM(H32:H52) -> -2333333.3 | I66: =SUM(I32:I52) -> -1333333.3 | J66: =SUM(J32:J52) -> -2833333.3 | K66: =SUM(K32:K52) -> -1333333.3 | ... BK66: =SUM(BK32:BK52) -> -333333.33
C68: Cumulative Cash Flow | D68: =D54 -> -2166666.7 | E68: =D68+E54 -> -3033333.3 | F68: =E68+F54 -> -4700000 | G68: =F68+G54 -> -5366666.7 | H68: =G68+H54 -> -7033333.3 | I68: =H68+I54 -> -7700000 | J68: =I68+J54 -> -9866666.7 | K68: =J68+K54 -> -10533333 | L68: =K68+L54 -> -13700000 | ... BK68: =BJ68+BK54 -> 5300000
D70: Year 1 | E70: Year 2 | F70: Year 3 | G70: Year 4 | H70: Year 5
C71: Cumulative Cash Flow | D71: =SUM(D65:O66) -> -15700000 | E71: =D71+SUM(P65:AA66) -> -6700000 | F71: =E71+SUM(AB65:AM66) -> -2700000 | G71: =F71+SUM(AN65:AY66) -> 1300000 | H71: =G71+SUM(AZ65:BK66) -> 5300000
